Workbook
Name _ene01: 'Assessment Issue Scoring'!$S$1560
Name _Man01: 'Assessment Issue Scoring'!$AA$1435
Name _Pol02: 'Assessment Issue Scoring'!$AA$1288
Name AA28AD_BREEAM_stage: 'Assessment Rating & KPIs'!$AA$28
Name AD_AD: 'Assessment Details'!#REF!
Name AD_Add01: 'Assessment Details'!$J$22
Name AD_Add02: 'Assessment Details'!$J$24
Name AD_Add03: 'Assessment Details'!$J$26
Name AD_Add04: 'Assessment Details'!$J$28
Name AD_Air: 'Assessment Details'!$Z$147
Name AD_Air_con: 'Assessment Details'!$Z$151
Name AD_Aircon_list: 'Assessment Details'!$Z$151:$Z$154
Name AD_Architect: 'Assessment Details'!$J$92
Name AD_assessor: 'Assessment Details'!$J$13
Name AD_Assessor_org: 'Assessment Details'!$J$17
Name AD_Banner: 'Assessment Details'!$B$2
Name AD_BREEAM_stage: 'Assessment Details'!$Z$179:$Z$180
Name AD_BREEAM_version: 'Assessment Details'!$AB$149
Name AD_BREEAMAP: 'Assessment Details'!$J$98
Name AD_Buildserve: 'Assessment Details'!$J$96
Name AD_Builduser: 'Assessment Details'!$J$11
Name AD_catlevel: 'Assessment Details'!$J$72
Name AD_catlevel01: 'Assessment Details'!$Z$174
Name AD_catlevel02: 'Assessment Details'!$Z$175
Name AD_catlevel03: 'Assessment Details'!$Z$176
Name AD_catlevel1: 'Assessment Details'!$J$72
Name AD_client: 'Assessment Details'!$J$9
Name AD_climate: 'Assessment Details'!#REF!
Name AD_comfort_cool: 'Assessment Details'!$Z$152
Name AD_Contractor: 'Assessment Details'!$J$90
Name AD_control_none: 'Assessment Details'!$Z$163
Name AD_control_other: 'Assessment Details'!$Z$162
Name AD_control_standard: 'Assessment Details'!$Z$161
Name AD_controls: 'Assessment Details'!#REF!
Name AD_controls_list: 'Assessment Details'!$Z$161:$Z$163
Name AD_cool: 'Assessment Details'!$J$62
Name AD_Cool_other: 'Assessment Details'!$Z$153
Name AD_Country: 'Assessment Details'!$J$34
Name AD_country_list: 'Assessment Details'!$Z$141:$Z$144
Name AD_County: 'Assessment Details'!$J$30
Name AD_Developer: 'Assessment Details'!$J$88
Name AD_DHWS: 'Assessment Details'!#REF!
Name AD_England: 'Assessment Details'!$Z$141
Name AD_ExternalLighting: 'Assessment Details'!#REF!
Name AD_GIA: 'Assessment Details'!$J$54
Name AD_HCoption_YesNo_list: 'Assessment Details'!$Z$193:$Z$194
Name AD_Hea_In: 'Assessment Details'!$J$48
Name AD_heat: 'Assessment Details'!$J$60
Name AD_Heat_None: 'Assessment Details'!$Z$149
Name AD_Heat_other: 'Assessment Details'!$Z$148
Name AD_heating_list: 'Assessment Details'!$Z$146:$Z$149
Name AD_hotwater_list: 'Assessment Details'!$Z$156:$Z$159
Name AD_HW_central: 'Assessment Details'!$Z$156
Name AD_HW_None: 'Assessment Details'!$Z$159
Name AD_HW_Other: 'Assessment Details'!$Z$158
Name AD_HW_POU: 'Assessment Details'!$Z$157
Name AD_INDoption_YesNo_list: 'Assessment Details'!$Z$189:$Z$190
Name AD_labcat_list: 'Assessment Details'!$Z$174:$Z$177
Name AD_Labsize: 'Assessment Details'!$J$70
Name AD_Labsize_list: 'Assessment Details'!$Z$169:$Z$171

Sheet Assessment Details
B1: =IF(AD_Mandatory_fields_text=AIS_statement09,AIS_statement29,"")
B2: =IF(OR(projecttype=Z200,projecttype=""),"BREEAM UK New Construction 2018 Assessment Report","BREEAM UK Bespoke New Construction 2018 Assessment Report") -> BREEAM UK New Construction 2018 Assessment Report
B3: =IF(AD_Mandatory_fields_check>0,AIS_statement09,"")
B5: General information | Q5: =IF(projecttype=Z201,"BESPOKE","")
B7: BRE Assessment reference no. | J7: BREEAM-0098-8877 | R7: *
B9: Client name | J9: ? | R9: *
B11: Building end user/occupier
B13: Assessor name | J13: Gaynor Smissen | R13: *
B15: Assessors role | J15: BREEAM Assessor/AP | R15: *
B17: Assessor organisation | J17: Kent Sustainability | R17: *
B18: Building details
H20: Building name | J20: 199-203 Henley Road | R20: *
B22: Building address | J22: 199-203 Henley Road | R22: *
J24: Caversham
J26: Reading
H30: County | J30: Berkshire | R30: *
H32: Post code | J32: RG4 6LG
H34: Country | J34: England | R34: *
H36: BREEAM scheme | J36: New Construction
H38: BREEAM version | J38: 2018 (SD5078)
H40: BREEAM UK 2018 technical manual issue number | J40: SD5078 Issue 3.0 | R40: *
H42: Project scope | J42: Fully fitted | R42: *
H44: Building type (main description) | J44: Residential institution (long term stay) | R44: *
H46: Building type (sub-group) | J46: Residential institution (long term stay) - Residential care home | R46: *
H48: Does this healthcare building have inpatient areas? | R48: *
H50: Does this industrial building have an office area, or other occuped spaces? | R50: *
H52: Assessment stage | J52: Design (interim) | R52: *
H54: Building floor area (GIA) m2 | J54: 1255 | R54: *
H56: Building floor area (NIFA) m2 | J56: 1125 | R56: *
H58: Is the building designed to be untreated? | J58: No | R58: *
H60: Building services - heating system type | J60: Air system | R60: *
H62: Building services - cooling system type | J62: Comfort cooling | R62: *
H64: Are commercial or industrial-sized refrigeration and storage systems specified? | J64: No | R64: *
H66: Are building user lifts present? | J66: Yes | R66: *
H68: Are building user escaltors or moving walks present? | J68: No | R68: *
H70: Are laboratories present? | J70: No | R70: *
H72: What percentage of total building area do laboratories represent? | R72: *
H74: Are there fume cupboard(s) and/or other containment devices present? | R74: *
H76: Are there any water demands present other than those assessed in Wat 01? | J76: No | R76: *
B78: Does the building have external areas within the boundary of the assessed development? | J78: No | R78: *
B80: Are there statutory requirements, or other issues outside of the control of the project, that impact the ability to provide outdoor space? | J80: No | R80: *
H83: Are there any systems specified that contribute to the unregulated energy load? | J83: No | R83: *
H85: Are the post-occupancy stage credits targeted in Ene 01? | J85: Yes | R85: *
B86: Project team details
H88: Developer
H90: Principal contractor
H92: Architect
H94: Project management
H96: Building services
H98: BREEAM Accredited Professional
H100: Other project team member 1
H102: Other project team member 2
H104: Other project team member 3
H106: Other project team member 4
B107: BREEAM assessor declaration of assessment accuracy and quality
B109: =CONCATENATE(AD_Statement04,AD_assessor,AD_statement05,AD_Assessor_org,AD_statement06) -> I, Gaynor Smissen, a qualified BREEAM assessor working on behalf of Kent Sustainability confirm that the content of this report is to the best of my knowledge a true and accurate reflection of the performance of the above named building, as measured against the assessment criteria and reporting requirements of the BREEAM Scheme Document (SD5078). Furthermore, I confirm that this assessment and the information on which it is based has been checked and verified in accordance with BRE Global Ltd's UKAS accredited BREEAM operating procedures for BREEAM assessments and assessors, as described in the technical scheme document (SD5078) and associated BREEAM operational documents. | S109: Note: The tool will populate the statement opposite with the BREEAM assessor and organisation name once it has been entered above in the General Information section.
C111: BREEAM Assessor Signature: | J111: Date
B114: Disclaimer
B115: =CONCATENATE("This report is made on behalf of ", AD_Assessor_org, ". By receiving the report and acting on it, the client - or any third party relying on it - accepts that no individual is personally liable in contract, tort or breach of statutory duty (including negligence).") -> This report is made on behalf of Kent Sustainability. By receiving the report and acting on it, the client - or any third party relying on it - accepts that no individual is personally liable in contract, tort or breach of statutory duty (including negligence). | S115: Note: The tool will populate the disclaimer with the Assessor Organisations name once it has been entered above in the General Information section.
B117: Disclaimer
B118: Conflict of Interest - Where an assessor is employed by the same company as a project/design team member(s) (e.g. energy assessor, suitably qualified ecologist or client representative etc) they must identify and manage any potential conflicts of interest and inform BRE Global Ltd as soon as they become aware of such a conflict. Where possible this should be made clear to BREEAM upon registration of the assessment.
B119: BRE Global do prohibit an assessor from verifying compliance with scheme criteria where they themselves have been directly involved in achieving or implementing a compliant solution, i.e. an assessor cannot assess their own work, for example they cannot be the architect on a project and the assessor. A current exception to this rule is where the assessor is also acting as an accredited BREEAM Advisory Professional on the project.
B120: Where there is a conflict of interest or potential for one, BRE Global Ltd will escalate the assessment report to a more detailed level of quality assurance checking. This will be done to reduce the risk to assessors and clients in the event that a certification outcome is challenged. Additional levels of monitoring may result in additional charges (FS036) being made to the licensed organisation that employs the assessor.
B123: Copyright
B124: Copyright exists on the BREEAM logo and this may not be used or reproduced for any purpose without the prior written consent of the BRE Global Ltd.
B126: The BREEAM name and logo are registered trademarks of the Building Research Establishment Limited.
O128: Version | Q128: =TVC_Current_Version -> 3.1
Y132: Building & Project details data
Z133: Note: If you are starting a new assessment please ensure you are using the latest template version of the BREEAM 2018 Assessment scoring and reporting tool and not a version used for an existing/previous assessment. If you need help or if you have any suggestions on how we can improve, please email with a copy of your tool: BREEAM@bre.co.uk
Z134: Note: If laboratory area/function not present, then please select the option "No Laboratory" for the "laboratory size category" or change the laboratory area/function option to "Yes".
Z135: The fields below marked with a * are mandatory and must be completed/defined prior to beginning the assessment to ensure an accurate score and BREEAM rating. Note: without this information the reporting tool cannot determine the applicable BREEAM issues and number of credits and data entry will not be possible for the building assessment.
Z136: Note: Some multi-residential buildings will require areas to be assessed using SAP, where they have self-contained dwellings which are classified under Approved Document L1A Conservation of fuel and power (New dwellings)) of the Building Regulations.
Z137: I,
Z138: , a qualified BREEAM assessor working on behalf of
Z139: confirm that the content of this report is to the best of my knowledge a true and accurate reflection of the performance of the above named building, as measured against the assessment criteria and reporting requirements of the BREEAM Scheme Document (SD5078). Furthermore, I confirm that this assessment and the information on which it is based has been checked and verified in accordance with BRE Global Ltd's UKAS accredited BREEAM operating procedures for BREEAM assessments and assessors, as described in the technical scheme document (SD5078) and associated BREEAM operational documents.
Z141: England | AB141: Design (interim) | AD141: Office | AE141: ADBT_OfsubAll
Z142: Wales | AB142: Post Construction Assessment (Final, as-built) | AD142: Industrial | AE142: ADBT_IndsubAll
Z143: Scotland | AB143: Post Construction Review (Final, as-built) | AD143: Retail | AE143: ADBT_ResubAll
Z144: Northern Ireland | AB144: Fully fitted | AD144: Education | AE144: ADBT_EdsubAll
AB145: Fully fitted - Simple building | AD145: Healthcare | AE145: ADBT_HeasubAll
Z146: Wet system | AB146: Shell and core | AD146: Prison | AE146: ADBT_PrisonsubAll
Z147: Air system | AB147: Shell only | AD147: Law Court | AE147: ADBT_LawsubAll
Z148: Other type of heating system | AD148: Residential institution (long term stay) | AE148: ADBT_ResLongsubAll
Z149: None | AB149: 2018 (SD5078) | AD149: Residential institution (short term stay) | AE149: ADBT_ResShortsubAll
AB150: see below | AD150: Non-residential institution | AE150: ADBT_NonRessubAll
Z151: Air-conditioning | AD151: Assembly and leisure | AE151: ADBT_ALsubAll
Z152: Comfort cooling | AD152: Other | AE152: ADBT_OthersubAll
Z153: Other type of cooling | AD153: Bespoke
Z154: None
AD155: Assembly and Leisure - Cinema | AE155: Office - General office buildings
Z156: Centralised supply and distribution | AB156: =IF(AD_ref="",AD_no,AD_Yes) -> Yes | AD156: =ADBT_ALsub03 -> Assembly and lesiure - Exhibition or conference hall | AE156: Office - Offices with research and development areas (i.e. category 1 labs only)
Z157: Point of use | AB157: =IF(AD_client="",AD_no,AD_Yes) -> Yes | AD157: =ADBT_ALsub04 -> Assembly and lesiure - Indoor or outdoor sports, fitness and recreation centre (with or without pool) | AE157: Industrial - Warehouse, storage or distribution
Z158: Other | AB158: =IF(AD_assessor="",AD_no,AD_Yes) -> Yes | AD158: =ADBT_ALsub02 -> Assembly and lesiure - Theatre, music or concert hall | AE158: Industrial - Process, manufacturing or vehicle servicing
Z159: None | AB159: =IF(AD_Assessor_org="",AD_no,AD_Yes) -> Yes | AD159: Education - Pre-school | AE159: Retail - Shop or shopping centre
AB160: =IF(ADBN="",AD_no,AD_Yes) -> Yes | AD160: =ADBT_Edsub03 -> Education - Schools and sixth form colleges | AE160: Retail - Retail park or warehouse
Z161: Standard controls (time/temperature) | AB161: =IF(AD_Add01="",AD_no,AD_Yes) -> Yes | AD161: =ADBT_Edsub04 -> Education - Further educational or vocational colleges | AE161: Retail - ‘Over the counter’ service provider, e.g. financial, estate and employment agencies and betting offices
Z162: Other | AB162: =IF(AD_County="",AD_no,AD_Yes) -> Yes | AD162: Education - Higher Education Institution | AE162: Retail - Showroom
Z163: None | AB163: =IF(OR(AD_Country=AD_England,AD_Country=AD_Wales,AD_Country=WD_Scotland,AD_Country=AD_Norther_Ireland),AD_Yes,AD_no) -> Yes | AE163: Retail - Restaurant, café and drinking establishment
AB164: =IF(OR(ADBT0=ADBT1,ADBT0=ADBT2,ADBT0=ADBT3,ADBT0=ADBT4,ADBT0=ADBT5,ADBT0=ADBT6,ADBT0=ADBT7,ADBT0=ADBT8,ADBT0=ADBT9,ADBT0=ADBT10,ADBT0=ADBT11,ADBT0=ADBT12,ADBT0=ADBT13),AD_Yes,AD_no) -> Yes | AE164: Retail - Hot food takeaway
Z165: Yes | AB165: =IF(ADBT_sub01="",AIS_No,AIS_Yes) -> Yes | AE165: Education - Preschool
...

Sheet Assessment Rating & KPIs
B2: =IF(OR(projecttype='Assessment Details'!Z200,projecttype=""),"BREEAM UK New Construction 2018 Assessment Report: Rating & Key Performance Indicators","BREEAM UK Bespoke New Construction 2018 Assessment Report: Rating & Key Performance Indicators") -> BREEAM UK New Construction 2018 Assessment Report: Rating & Key Performance Indicators
B3: =IF(AD_Mandatory_fields_text=AIS_statement09,"Warning: All Mandatory fields in the assessment details worksheet must be completed/defined to reveal the BREEAM rating andKey Performance Indicators.","")
B4: Overall Building Performance
D6: Building name | F6: =IF(ISBLANK(ADBN),"",ADBN) -> 199-203 Henley Road
D8: BREEAM rating | F8: =IF(ISERROR(IF(AD_Mandatory_fields_text=AIS_statement09,"",IF(AIS_MinStand_rating_check=AIS_No,VLOOKUP(AIS_MinStandMin,AIS_MinSt_benchmarks,3,FALSE),IF(AIS_MinStand_rating_check=AIS_Yes,VLOOKUP(AIS_BREEAM_rating_level,AIS_MinSt_benchmarks,3,FALSE))))),AIS_statement49,IF(AD_Mandatory_fields_text=AIS_statement09,"",IF(AIS_MinStand_rating_check=AIS_No,VLOOKUP(AIS_MinStandMin,AIS_MinSt_benchmarks,3,FALSE),IF(AIS_MinStand_rating_check=AIS_Yes,VLOOKUP(AIS_BREEAM_rating_level,AIS_MinSt_benchmarks,3,FALSE))))) -> Very Good | H8: =IF(ISERROR(IF(AIS_MinStand_rating_check=AIS_No,"Note: the BREEAM rating has been pegged back to the minimum standards level achieved","")),"",IF(AIS_MinStand_rating_check=AIS_No,"Note: the BREEAM rating has been pegged back to the minimum standards level achieved","")) | S8: =IF(BP_BREEAMRating=AIS_statement49,"Note: BREEAM issue Tra03 requires building type definition in order to define the number of credits available for the transport section. Please define for Tra03 in the Assessment Issue Scoring worksheet.","")
D10: Total Score | F10: =IF(AA10<>"",ROUNDDOWN(AA10,3),"") -> 0.57 | AA10: =IF(ISERROR(IF(AD_Mandatory_fields_text=AIS_statement09,"",IF(SUM(BP_Man_Score_hidden+BP_HW_score_hidden+BP_Energy_score_hidden+BP_Trans_score_hidden+BP_Water_score_hidden+BP_Materials_score_hidden+BP_Waste_score_hidden+BP_LUE_score_hidden+BP_Pollution_score_hidden+BP_Innovation_score_hidden)>1,1,(SUM(BP_Man_Score_hidden+BP_HW_score_hidden+BP_Energy_score_hidden+BP_Trans_score_hidden+BP_Water_score_hidden+BP_Materials_score_hidden+BP_Waste_score_hidden+BP_LUE_score_hidden+BP_Pollution_score_hidden+BP_Innovation_score_hidden))))),AIS_statement49,IF(AD_Mandatory_fields_text=AIS_statement09,"",IF(SUM(BP_Man_Score_hidden+BP_HW_score_hidden+BP_Energy_score_hidden+BP_Trans_score_hidden+BP_Water_score_hidden+BP_Materials_score_hidden+BP_Waste_score_hidden+BP_LUE_score_hidden+BP_Pollution_score_hidden+BP_Innovation_score_hidden)>1,1,(SUM(BP_Man_Score_hidden+BP_HW_score_hidden+BP_Energy_score_hidden+BP_Trans_score_hidden+BP_Water_score_hidden+BP_Materials_score_hidden+BP_Waste_score_hidden+BP_LUE_score_hidden+BP_Pollution_score_hidden+BP_Innovation_score_hidden))))) -> 0.57068254
AA11: =IF(ISERROR(IF(AD_Mandatory_fields_text=AIS_statement09,"",IF(SUM(BP_Man_score+BP_HW_score+BP_Trans_score+BP_Water_score+BP_Materials_score+BP_Waste_Score+BP_LUE_score+BP_Pollution_score+BP_Innovation_score)>1,1,(SUM(BP_Man_score+BP_HW_score+BP_Trans_score+BP_Water_score+BP_Materials_score+BP_Waste_Score+BP_LUE_score+BP_Pollution_score+BP_Innovation_score))))),AIS_statement49,IF(AD_Mandatory_fields_text=AIS_statement09,"",IF(SUM(BP_Man_score+BP_HW_score+BP_Trans_score+BP_Water_score+BP_Materials_score+BP_Waste_Score+BP_LUE_score+BP_Pollution_score+BP_Innovation_score)>1,1,(SUM(BP_Man_score+BP_HW_score+BP_Trans_score+BP_Water_score+BP_Materials_score+BP_Waste_Score+BP_LUE_score+BP_Pollution_score+BP_Innovation_score))))) -> 0.4714
D12: Min. standards level achieved | F12: =IF(AD_Mandatory_fields_text=AIS_statement09,"",VLOOKUP(AIS_MinStandMin,AIS_MinSt_benchmarks,2,FALSE)) -> Excellent level
B13: Building Performance by Environment Section | S13: =IF(SUM(BP_Man_score+BP_HW_score+BP_Energy_score+BP_Trans_score+BP_Water_score+BP_Materials_score+BP_Waste_Score+BP_LUE_score+BP_Pollution_score+BP_Innovation_score)>1,AIS_statement_113,"") | AA13: Note: The overall score is determined by adding together the environmental section scores and the Innovation section score. As the total of these two scores is greater than 100% for your project, the overall score has been capped at 100%, and it is this percentage that will appear on the BREEAM certificate.
B16: Environmental Section | J16: No. credits available | L16: No. credits Achieved | N16: % credits achieved | P16: Section Weighting | R16: Section Score | S16: =IF(ADPT="","Note: Project Type must be selected in Assessment Details to define the weightings","") | AI16: Unrounded section score
H17: Management | J17: =Man01_credits+Man02_credits+Man03_credits+Man04_credits+IF(Man05_credits=AIS_NA,0,Man05_credits) -> 21 | L17: =Man01_Tot+Man02_Tot+Man03_Tot+Man04_tot+IF(Man05_tot=AIS_NA,0,Man05_tot) -> 18 | N17: =BP_11/BP_01 -> 0.85714286 | P17: =VLOOKUP(ADPT,AA132:AK136,2,FALSE) -> 0.11 | R17: =ROUNDDOWN(BP_Man_Score_hidden,4) -> 0.0942 | AI17: =(BP_32*BP_22) -> 0.094285714
H19: Health & Wellbeing | J19: =Hea01_credits+IF(Hea02_credits=AIS_NA,0,Hea02_credits)+IF(Hea04_credits=AIS_NA,0,Hea04_credits)+Hea05_credits+Hea06_credits+Hea07_credits -> 18 | L19: =Hea01_tot+IF(Hea02_tot=AIS_NA,0,Hea02_tot)+IF(Hea04_tot=AIS_NA,0,Hea04_tot)+Hea05_tot+Hea06_tot+Hea07_tot -> 7 | N19: =BP_12/BP_02 -> 0.38888889 | P19: =VLOOKUP(ADPT,AA132:AK136,3,FALSE) -> 0.14 | R19: =ROUNDDOWN(BP_HW_score_hidden,4) -> 0.0544 | AI19: =BP_33*BP_23 -> 0.054444444
H21: Energy | J21: =Ene01_credits+IF(Ene02_credits=AIS_NA,0,Ene02_credits)+Ene03_credits+Ene04_credits+IF(Ene08_credits=AIS_NA,0,Ene08_credits)+IF(Ene05_credits=AIS_NA,0,Ene05_credits)+IF(Ene06_credits=AIS_NA,0,Ene06_credits)+IF(Ene07_credits=AIS_NA,0,Ene07_credits) -> 21 | L21: =Ene01_tot+IF(Ene02_tot=AIS_NA,0,Ene02_tot)+Ene03_tot+Ene04_tot+IF(Ene05_tot=AIS_NA,0,Ene05_tot)+IF(Ene06_tot=AIS_NA,0,Ene06_tot)+IF(Ene07_tot=AIS_NA,0,Ene07_tot)+IF(Ene08_tot=AIS_NA,0,Ene08_tot) -> 13 | N21: =BP_13/BP_03 -> 0.61904762 | P21: =VLOOKUP(ADPT,AA132:AK136,4,FALSE) -> 0.16 | R21: =ROUNDDOWN(BP_Energy_score_hidden,4) -> 0.099 | AI21: =BP_34*BP_24 -> 0.099047619
H23: Transport | J23: =IF(ISERROR(Tra01_credits+IF(Tra02_credits=AIS_NA,0,Tra02_credits)),AIS_statement49, Tra01_credits+IF(Tra02_credits=AIS_NA,0,Tra02_credits)) -> 12 | L23: =Tra01_tot+IF(Tra02_tot=AIS_NA,0,Tra02_tot) -> 9 | N23: =BP_14/BP_04 -> 0.75 | P23: =VLOOKUP(ADPT,AA132:AK136,5,FALSE) -> 0.1 | R23: =ROUNDDOWN(BP_Trans_score_hidden,4) -> 0.075 | S23: =IF(BP_04=AIS_statement49,"Note: BREEAM issue Tra03 requires building type definition in order to define the number of credits available for the transport section. Please define for Tra03 in the Assessment Issue Scoring worksheet.","") | AA23: =BP_35*BP_25 -> 0.075 | AI23: =BP_35*BP_25 -> 0.075
H25: Water | J25: =IF(Wat01_credits=AIS_NA,0,Wat01_credits)+Wat02_credits+IF(Wat03_credits=AIS_NA,0,Wat03_credits)+IF(Wat04_credits=AIS_NA,0,Wat04_credits) -> 8 | L25: =IF(Wat01_tot=AIS_NA,0,Wat01_tot)+Wat02_tot+IF(Wat03_tot=AIS_NA,0,Wat03_tot)+IF(Wat04_tot=AIS_NA,0,Wat04_tot) -> 4 | N25: =BP_15/BP_05 -> 0.5 | P25: =VLOOKUP(ADPT,AA132:AK136,6,FALSE) -> 0.07 | R25: =ROUNDDOWN(BP_Water_score_hidden,4) -> 0.035 | AI25: =BP_36*BP_26 -> 0.035
H27: Materials | J27: =Mat01_credits+Mat02_credits+Mat03_credits+Mat05_credits+Mat06_Credits -> 14 | L27: =Mat01_tot+Mat02_tot+Mat03_tot+Mat05_tot+Mat06_tot -> 5 | N27: =BP_16/BP_06 -> 0.35714286 | P27: =VLOOKUP(ADPT,AA132:AK136,7,FALSE) -> 0.15 | R27: =ROUNDDOWN(BP_Materials_score_hidden,4) -> 0.0535 | AI27: =BP_38*BP_27 -> 0.053571429
H29: Waste | J29: =Wst01_credits+Wst02_credits+Wst03_credits+IF(Wst04_credits=AIS_NA,0,Wst04_credits)+Wst05_Credits+Wst06_Credits -> 10 | L29: =Wst01_tot+Wst02_tot+Wst03_tot+IF(Wst04_tot=AIS_NA,0,Wst04_tot)+Wst05_tot+Wst06_tot -> 1 | N29: =BP_18/BP_07 -> 0.1 | P29: =VLOOKUP(ADPT,AA132:AK136,8,FALSE) -> 0.06 | R29: =ROUNDDOWN(BP_Waste_score_hidden,4) -> 0.006 | AI29: =BP_39*BP_28 -> 0.006
H31: Land Use & Ecology | J31: =LE01_credits+LE02_credits+LE03_credits+LE04_credits+LE05_credits -> 13 | L31: =LE01_tot+LE02_tot+LE03_tot+LE04_tot+LE05_tot -> 8 | N31: =BP_19/BP_08 -> 0.61538462 | P31: =VLOOKUP(ADPT,AA132:AK136,9,FALSE) -> 0.13 | R31: =ROUNDDOWN(BP_LUE_score_hidden,4) -> 0.08 | AI31: =BP_40*BP_29 -> 0.08
H33: Pollution | J33: =IF(ISERROR(IF(Pol01_credits=AIS_NA,0,Pol01_credits)+IF(Pol02_credits=AIS_NA,0,Pol02_credits)+Pol03_credits+Pol04_credits+IF(Pol05_credits=AIS_NA,0,Pol05_credits)),AIS_statement49,IF(Pol01_credits=AIS_NA,0,Pol01_credits)+IF(Pol02_credits=AIS_NA,0,Pol02_credits)+Pol03_credits+Pol04_credits+IF(Pol05_credits=AIS_NA,0,Pol05_credits)) -> 12 | L33: =IF(Pol01_tot=AIS_NA,0,Pol01_tot)+IF(Pol02_tot=AIS_NA,0,Pol02_tot)+Pol03_tot+Pol04_tot+IF(Pol05_tot=AIS_NA,0,Pol05_tot) -> 5 | N33: =BP_20/BP_09 -> 0.41666667 | P33: =VLOOKUP(ADPT,AA132:AK136,10,FALSE) -> 0.08 | R33: =ROUNDDOWN(BP_Pollution_score_hidden,4) -> 0.0333 | S33: =IF(BP_09=AIS_statement49,"Note: All mandatory fields in the assessment details worksheet must be completed/defined in order to confirm the number of credits available in the pollution section for the building type requiring assessment.","") | AA33: 0.1 | AB33: Glen Watts: This is needed for the graph to show the number of innovation credits available as the weighting has been removed. | AI33: =BP_41*BP_30 -> 0.033333333
H35: Innovation | J35: =Inn01_credits -> 10 | L35: =Inn01_tot -> 4 | N35: =BP_21/BP_10 -> 0.4 | P35: 0.1 | R35: =ROUNDDOWN(BP_Innovation_score_hidden,4) -> 0.04 | AA35: =IFERROR(BP_Innovation_score,0) -> 0.04 | AB35: Glen Watts: This is innovation credits achieved, linked to the graph above as the change to an integer messed up the graph. | AI35: =BP_42*BP_31 -> 0.04
B36: Building Performance by Key Environmental Performance Indicator
B37: Energy (consumption/production) | H37: Life cycle stage | J37: Measurement | L37: Intensity | N37: Units | P37: Total | R37: Units
F39: Building operation[1] | H39: Use | J39: Modelled | L39: =IF(Ene01_80=AIS_statement91,IF(OR(Ene01_05="",Ene01_09=""),AIS_units22,Ene01_05+Ene01_09),IF(Ene01_80=AIS_statement90,IF(Ene01_05="",AIS_units22,Ene01_05))) -> 37 | N39: kWh/m2/yr | P39: =IF(Ene01_80=AIS_statement91,IF(OR(Ene01_05="",Ene01_09=""),AIS_units22,BP_KPI01*AD_GIA),IF(Ene01_80=AIS_statement90,IF(Ene01_05="",AIS_units22,BP_KPI01*AD_GIA))) -> 46435 | R39: kWh/yr
F41: Energy production[2] | H41: Use | J41: Modelled | L41: =IF(Ene01_KPI101="",AIS_units22,Ene01_KPI101) -> INA | N41: kWh/m2/yr | P41: =IF(Ene04_KPI01="",AIS_units22,Ene04_KPI01) -> INA | R41: kWh/yr
F43: Construction process[3] | H43: =IF(ADAS0=ADAS01,AIS_units22,AIS_construction) -> INA | J43: =IF(ADAS0=ADAS01,AIS_units22,AIS_measured) -> INA | L43: =IF(OR(ADAS0=ADAS01,Man03_01=AIS_No),AIS_units22,Man03_KPI02) -> INA | N43: =IF(ADAS0=ADAS01,AIS_units22,AIS_units02) -> INA | P43: =IF(OR(ADAS0=ADAS01,Man03_01=AIS_No),AIS_units22,Man03_kPI01) -> INA | R43: =IF(ADAS0=ADAS01,AIS_units22,AIS_units01) -> INA
F45: Transport[4] | H45: =IF(ADAS0=ADAS01,AIS_units22,AIS_construction) -> INA | J45: =IF(ADAS0=ADAS01,AIS_units22,AIS_measured) -> INA | L45: =IF(ISERROR(IF(OR(ADAS0=ADAS01,Man03_03=AIS_No),AIS_units22,Man03_KPI09+Man03_KPI14)),AIS_units22,IF(OR(ADAS0=ADAS01,Man03_03=AIS_No),AIS_units22,Man03_KPI09+Man03_KPI14) ) -> INA | N45: =IF(ADAS0=ADAS01,AIS_units22,AIS_units10) -> INA | P45: =IF(OR(ADAS0=ADAS01,Man03_03=AIS_No,AND(Man03_KPI08="",Man03_KPI13="")),AIS_units22,Man03_KPI08+Man03_KPI13) -> #REF! | R45: =IF(ADAS0=ADAS01,AIS_units22,AIS_units08) -> INA | S45: KPI has been removed
B47: Carbon dioxide Emissions
H48: BREEAM UK 2018 technical manual issue number
F49: Building operation[1] | H49: Use | J49: Modelled | L49: =IF(Ene01_80=AIS_statement91,IF(OR(Ene01_07=""),AIS_units22,Ene01_07),IF(Ene01_80=AIS_statement90,IF(Ene01_07="",AIS_units22,Ene01_07))) -> INA | N49: kgCO2eq/m2/yr | P49: =IF(Ene01_80=AIS_statement91,IF(OR(Ene01_07=""),AIS_units22,BP_KPI09*AD_GIA),IF(Ene01_80=AIS_statement90,IF(Ene01_07="",AIS_units22,BP_KPI09*AD_GIA))) -> INA | R49: kgCO2eq/yr
F51: Embodied[5] | H51: Cradle-to-grave | J51: Measured | L51: =IF(Mat01_KPI01=AIS_Missing_data,AIS_units22,Mat01_KPI02) -> #REF! | N51: kgCO2eq/m2 | P51: =IF(Mat01_KPI01=AIS_Missing_data,AIS_units22,Mat01_KPI01) -> #REF! | R51: kgCO2eq | S51: KPI has been removed
P53: Proportion of applicable main building elements that data reported covers | R53: =IF(Mat01_KPI01=AIS_Missing_data,AIS_units22,Mat01_KPI03) -> #REF! | S53: KPI has been removed
F55: Construction process[3] | H55: =IF(ADAS0=ADAS01,AIS_units22,AIS_construction) -> INA | J55: =IF(ADAS0=ADAS01,AIS_units22,AIS_measured) -> INA | L55: =IF(OR(ADAS0=ADAS01,Man03_01=AIS_No),AIS_units22,Man03_KPI04) -> INA | N55: =IF(ADAS0=ADAS01,AIS_units22,AIS_units03) -> INA | P55: =IF(OR(ADAS0=ADAS01,Man03_01=AIS_No),AIS_units22,Man03_KPI03) -> INA | R55: =IF(ADAS0=ADAS01,AIS_units22,AIS_units05) -> INA
F57: Transport[4] | H57: =IF(ADAS0=ADAS01,AIS_units22,AIS_construction) -> INA | J57: =IF(ADAS0=ADAS01,AIS_units22,AIS_measured) -> INA | L57: =IF(ISERROR(IF(OR(ADAS0=ADAS01,Man03_03=AIS_No),AIS_units22,Man03_KPI11+Man03_KPI16)),AIS_units22,IF(OR(ADAS0=ADAS01,Man03_03=AIS_No),AIS_units22,Man03_KPI11+Man03_KPI16)) -> INA | N57: =IF(ADAS0=ADAS01,AIS_units22,AIS_units04) -> INA | P57: =IF(OR(ADAS0=ADAS01,AND(Man03_KPI10="",Man03_KPI15="")),AIS_units22,Man03_KPI10+Man03_KPI15) -> INA | R57: =IF(ADAS0=ADAS01,AIS_units22,AIS_units05) -> INA
F59: Direct GHG emissions - Refrigerants[6] | H59: Use | J59: Modelled | L59: =IF(Pol01_02=AIS_No,0,IF(Pol01_07="",AIS_units22,Pol01_07)) -> 45 | N59: KgCO2eq/kWcoolth | P59: =IF(ISERROR(IF(Pol01_02=AIS_No,0,IF(Pol01_07="",AIS_units22,BP_KPI17*Pol01_21))),AIS_units22,IF(Pol01_02=AIS_No,0,IF(Pol01_07="",AIS_units22,BP_KPI17*Pol01_21))) -> INA | R59: KgCO2eq
B60: Emissions to outdoor air, soil and water
F62: Nitrogen Oxides (NOx)[7] | H62: Use | J62: Measured | L62: =IF(OR(Pol02_20="",AIS_units22),AIS_units22,SUM(IF(OR(Pol02_29="INA",Pol02_29="N/A"),0,Pol02_29))+(IF(OR(Pol02_21="INA",Pol02_21="N/A"),0,Pol02_21))+(IF(OR(Pol02_20="INA",Pol02_20="N/A",Pol02_20="HIB"),0,Pol02_20))) -> #REF! | N62: mg/kWh | P62: =IF(OR(Pol01_KPI02="",Pol01_KPI02=AIS_units22),AIS_units22,(Pol01_KPI02*AD_GIA)*(Pol02_20+Pol02_29)/1000000) -> #REF! | R62: kg/yr | S62: KPI has been removed
B63: Use of freshwater resource
F65: Building operation[8] | H65: =IF(Wat01_01=AIS_option09,AIS_use,AIS_units22) -> INA | J65: =IF(Wat01_01=AIS_option09,AIS_Modelled,AIS_units22) -> INA | L65: =IF(OR(Wat01_KPI01="",Wat01_KPI01=AIS_units22),AIS_units22,IF(Wat01_01=AIS_option09,Wat01_KPI01,AIS_units22)) -> INA | N65: =IF(Wat01_01=AIS_option09,AIS_units14,AIS_units22) -> INA | P65: =IF(OR(Wat01_KPI02="",Wat01_KPI01="",Wat01_KPI02=AIS_units22,Wat01_KPI01=AIS_units22),AIS_units22,IF(Wat01_01=AIS_option09,Wat01_KPI02*Wat01_KPI01,AIS_units22)) -> INA | R65: =IF(Wat01_01=AIS_option09,AIS_units26,AIS_units22) -> INA
F67: Construction process[9] | H67: =IF(ADAS0=ADAS01,AIS_units22,AIS_use) -> INA | J67: =IF(ADAS0=ADAS01,AIS_units22,AIS_measured) -> INA | L67: =IF(OR(ADAS0=ADAS01,'Assessment Issue Scoring'!J82=AIS_No,'Assessment Issue Scoring'!J82=""),AIS_units22,Man03_KPI06) -> INA | N67: =IF(ADAS0=ADAS01,AIS_units22,AIS_units06) -> INA | P67: =IF(OR(ADAS0=ADAS01,'Assessment Issue Scoring'!J82=AIS_No,'Assessment Issue Scoring'!J82=""),AIS_units22,Man03_KPI05) -> INA | R67: =IF(ADAS0=ADAS01,AIS_units22,AIS_units07) -> INA
B68: Construction waste and recovery
F70: Construction waste[10] | H70: =AIS_construction -> Construction | J70: =IF(ADAS0=ADAS01,AIS_target,AIS_measured) -> Target | L70: =IF(OR(Wst01_01=AIS_No,Wst01_15=AIS_No),AIS_units22,IF(OR(Wst01_02="",Wst01_02=AIS_units22),AIS_units22,Wst01_02)) -> INA | N70: =IF(Wst01_04=AIS_units18,AIS_units16,AIS_units17) -> tonnes/100m2 | P70: =IF(OR(Wst01_01=AIS_No,Wst01_15=AIS_No),AIS_units22,IF(OR(Wst01_02="",Wst01_02=AIS_units22),AIS_units22,Wst01_03)) -> INA | R70: =IF(Wst01_04=AIS_units18,AIS_units20,AIS_units21) -> tonnes
F72: Construction waste diverted from landfill[10] | H72: =AIS_construction -> Construction | J72: =IF(ADAS0=ADAS01,AIS_target,AIS_measured) -> Target | L72: =IF(OR(Wst01_01=AIS_No,Wst01_15=AIS_No),AIS_units22,IF(OR(Wst01_05="",Wst01_05=AIS_units22),AIS_units22,Wst01_05)) -> INA | N72: % | P72: =IF(OR(Wst01_01=AIS_No,Wst01_15=AIS_No),AIS_units22,IF(OR(Wst01_05="",Wst01_05=AIS_units22),AIS_units22,Wst01_06)) -> INA | R72: =IF(Wst01_04=AIS_units18,AIS_units20,AIS_units21) -> tonnes
F74: Demolition waste diverted from landfill[11] | H74: =IF(Wst01_15=AIS_NA,"-",AIS_construction) -> Construction | J74: =IF(Wst01_15=AIS_NA,"-",IF(ADAS0=ADAS01,AIS_target,AIS_measured)) -> Target | L74: =IF(Wst01_15=AIS_NA,"-",IF(OR(Wst01_01=AIS_No,Wst01_15=AIS_No),AIS_units22,IF(OR(Wst01_07="",Wst01_07=AIS_units22),AIS_units22,Wst01_07))) -> INA | N74: =IF(Wst01_15=AIS_NA,"-",AIS_units12) -> % | P74: =IF(Wst01_15=AIS_NA,"-",IF(OR(Wst01_01=AIS_No,Wst01_15=AIS_No,ADAS0=ADAS01),AIS_units22,IF(OR(Wst01_29="",Wst01_29=AIS_units22),AIS_units22,Wst01_29))) -> INA | R74: =IF(Wst01_15=AIS_NA,"-",IF(AND(Wst01_15=AIS_No,Wst01_04=AIS_units18),AIS_units20,IF(AND(Wst01_15=AIS_No,Wst01_04=AIS_units21),AIS_units21,IF(ADAS0=ADAS01,AIS_units22,IF(Wst01_04=AIS_units18,AIS_units20,AIS_units21))))) -> INA
F76: Demolition waste to disposal[11] | H76: =IF(Wst01_15=AIS_NA,"-",AIS_construction) -> Construction | J76: =IF(Wst01_15=AIS_NA,"-",IF(ADAS0=ADAS01,AIS_target,AIS_measured)) -> Target | L76: =IF(Wst01_15=AIS_NA,"-",IF(OR(Wst01_01=AIS_No,Wst01_15=AIS_No),AIS_units22,IF(OR(Wst01_29="",Wst01_29=AIS_units22),AIS_units22,1-BP_KPI31))) -> INA | N76: =IF(Wst01_15=AIS_NA,"-",AIS_units12) -> % | P76: =IF(Wst01_15=AIS_NA,"-",IF(OR(Wst01_01=AIS_No,Wst01_15=AIS_No,ADAS0=ADAS01),AIS_units22,IF(OR(Wst01_29="",Wst01_29=AIS_units22),AIS_units22,Wst01_08))) -> INA | R76: =IF(Wst01_15=AIS_NA,"-",IF(AND(Wst01_15=AIS_No,Wst01_04=AIS_units18),AIS_units20,IF(AND(Wst01_15=AIS_No,Wst01_04=AIS_units21),AIS_units21,IF(ADAS0=ADAS01,AIS_units22,IF(Wst01_04=AIS_units18,AIS_units20,AIS_units21))))) -> INA
F78: Material for re-use[12] | H78: =AIS_construction -> Construction | J78: =IF(ADAS0=ADAS01,AIS_target,AIS_measured) -> Target | L78: =IF(OR(Wst01_01=AIS_No,Wst01_15=AIS_No),AIS_units22,IF(OR(Wst01_09="",Wst01_09=AIS_units22),AIS_units22,BP_KPI38/AD_GIA)) -> INA | N78: =IF(Wst01_04=AIS_units18,AIS_units16,AIS_units17) -> tonnes/100m2 | P78: =IF(OR(Wst01_01=AIS_No,Wst01_15=AIS_No),AIS_units22,IF(OR(Wst01_09="",Wst01_09=AIS_units22),AIS_units22,Wst01_09)) -> INA | R78: =IF(Wst01_04=AIS_units18,AIS_units20,AIS_units21) -> tonnes
F80: Material for recycling[12] | H80: =AIS_construction -> Construction | J80: =IF(ADAS0=ADAS01,AIS_target,AIS_measured) -> Target | L80: =IF(OR(Wst01_01=AIS_No,Wst01_15=AIS_No),AIS_units22,IF(OR(Wst01_10="",Wst01_10=AIS_units22),AIS_units22,BP_KPI40/AD_GIA)) -> INA | N80: =IF(Wst01_04=AIS_units18,AIS_units16,AIS_units17) -> tonnes/100m2 | P80: =IF(OR(Wst01_01=AIS_No,Wst01_15=AIS_No),AIS_units22,IF(OR(Wst01_10="",Wst01_10=AIS_units22),AIS_units22,Wst01_10)) -> INA | R80: =IF(Wst01_04=AIS_units18,AIS_units20,AIS_units21) -> tonnes
F82: Material for energy recovery[12] | H82: =AIS_construction -> Construction | J82: =IF(ADAS0=ADAS01,AIS_target,AIS_measured) -> Target | L82: =IF(OR(Wst01_01=AIS_No,Wst01_15=AIS_No),AIS_units22,IF(OR(Wst01_11="",Wst01_11=AIS_units22),AIS_units22,BP_KPI42/AD_GIA)) -> INA | N82: =IF(Wst01_04=AIS_units18,AIS_units16,AIS_units17) -> tonnes/100m2 | P82: =IF(OR(Wst01_01=AIS_No,Wst01_15=AIS_No),AIS_units22,IF(OR(Wst01_11="",Wst01_11=AIS_units22),AIS_units22,Wst01_11)) -> INA | R82: =IF(Wst01_04=AIS_units18,AIS_units20,AIS_units21) -> tonnes
F84: Hazardous waste to disposal[12] | H84: =AIS_construction -> Construction | J84: =IF(ADAS0=ADAS01,AIS_target,AIS_measured) -> Target | L84: =IF(OR(Wst01_01=AIS_No,Wst01_15=AIS_No),AIS_units22,IF(OR(Wst01_12="",Wst01_12=AIS_units22),AIS_units22,BP_KPI36/AD_GIA)) -> INA | N84: =IF(Wst01_04=AIS_units18,AIS_units16,AIS_units17) -> tonnes/100m2 | P84: =IF(OR(Wst01_01=AIS_No,Wst01_15=AIS_No),AIS_units22,IF(OR(Wst01_12="",Wst01_12=AIS_units22),AIS_units22,Wst01_12)) -> INA | R84: =IF(Wst01_04=AIS_units18,AIS_units20,AIS_units21) -> tonnes
B85: Sourcing of materials
F87: Materials responsibly sourced[13] | H87: Construction | J87: Measured | L87: =IF(Mat03_03=AIS_No,AIS_units22,Mat03_03) -> 0.6 | N87: % | P87: - | R87: -
B88: Thermal comfort
F90: Predicted Mean Vote (PMV) | H90: Use | J90: Modelled | L90: =IF(OR(Hea04_15="",Hea04_15=AIS_units22),AIS_units22,Hea04_15) -> INA | N90: Index | P90: - | R90: -
F92: Predicted Percentage Dissatisfied (PPD) | H92: Use | J92: Modelled | L92: =IF(OR(Hea04_16="",Hea04_16=AIS_units22),AIS_units22,Hea04_16) -> INA | N92: % | P92: - | R92: -
B93: Indoor Air Quality
F95: Formaldehyde concentration level[14] | H95: =IF(ADAS0=ADAS01,AIS_units22,AIS_use) -> INA | J95: =IF(ADAS0=ADAS01,AIS_units22,AIS_measured) -> INA | L95: =IF(ADAS0=ADAS01,"-",IF(Hea02_03=AIS_No,AIS_units22,IF(OR(Hea02_KPI01="",Hea02_KPI01=AIS_units22),AIS_units22,Hea02_KPI01))) -> - | N95: =IF(ADAS0=ADAS01,AIS_units22,AIS_units11) -> INA | P95: =AIS_units22 -> INA | R95: =AIS_units22 -> INA | S95: KPI has been removed
F97: Total volatile organic compound concentration[14] | H97: =IF(ADAS0=ADAS01,AIS_units22,AIS_construction) -> INA | J97: =IF(ADAS0=ADAS01,AIS_units22,AIS_measured) -> INA | L97: =IF(ADAS0=ADAS01,AIS_units22,IF(Hea02_03=AIS_No,AIS_units22,IF(OR(Hea02_KPI02="",Hea02_KPI02=AIS_units22),AIS_units22,Hea02_KPI02))) -> INA | N97: =IF(ADAS0=ADAS01,AIS_units22,AIS_units11) -> INA | P97: =AIS_units22 -> INA | R97: =AIS_units22 -> INA
B99: Notes
B101: 1 | C101: Modelled using approved software compliant with the UK's National Calculation Method which in turn is compliant with Article 3 of The Energy Performance of Buildings Directive (EPBD) 2002/91/EC. Modelling includes building energy consumption resulting from the specification of a ‘controlled’, ‘fixed building service’ (as defined in the relevant Approved Document or Guidance produced for each UK territory).
B102: 2 | C102: The reported impact includes technologies that produce energy (on-site and/or near-site) as defined by Directive 2009/28/EC of the European Parliament and of the Council of 23 April 2009 on the promotion of the use of energy from renewable sources and amending and subsequently repealing Directives 2001/77/EC and 2003/30/EC.
B103: 3 | C103: The reported impact includes energy consumption from construction plant, equipment and site accommodation. This KPI is not assessed/reported at the design stage of assessment/certification.
B104: 4 | C104: The reported impact covers transport of the construction materials that make-up the main building elements and ground works and landscaping materials (from the factory gate to the site) and construction waste (from the construction gate to waste disposal processing / recovery centre gate). Main building elements are defined in the BREEAM 2018 New Construction Technical Guide (SD5076). This KPI is not assessed/reported at the design stage of assessment/certification.
B105: 5 | C105: The reported impact covers the construction materials that make-up the main building elements (over a 60 year study period). Main building elements are defined in the BREEAM UK New Construction 2018 Technical Guide (SD5076). The data is quantified using BRE's Environmental Profiles Methodology. The Environmental Profiles Methodology has been peer reviewed to comply with BS ISO 14040 and represents the Product Category Rules for BRE Global’s environmental labelling scheme (EPD - ISO 14025, Type III) for construction products and elements.
B106: 6 | C106: The reported impact is for a 10 year study period. The calculation of the Direct Effect Life Cycle CO2eq emissions used by BREEAM is based on the Total Equivalent Warming Impact (TEWI) calculation method for new stationary refrigeration and air conditioning systems, as described in Annex B of BS EN 378-1:2008.
B107: 7 | C107: The reported impact covers emissions from either one or a combination of space heating, cooling and hot water heating (refer to Pol02 Assessment Issue for scope of emissions)
B108: 8 | C108: The reported impact includes net water consumption from the micro-components utilised by building occupants for sanitary purposes. The impact accounts for water recycling/rainwater collection, where used for permissible non-potable water demands (For further detail refer to BREEAM UK New Construction 2018 Technical Guide (SD5076)).
B109: 9 | C109: The reported impact is net water consumption i.e. accounts for any water recycling/rainwater collection used to off-set a potable site demand. This KPI is not assessed/reported at the design stage of assessment/certification.
B110: 10 | C110: The reported impact covers non-hazardous waste from new construction materials, it therefore excludes hazardous and demolition and excavation waste. Where assessed and reported at the design stage of assessment this KPI is based on a target as reported in a compliant Resource Management Plan.
B111: 11 | C111: The reported impact covers non-hazardous waste from site demolition. Where assessed and reported at the design stage at the design stage of assessment this KPI is based on the target demolition waste diverted from landfill, as reported in a compliant Site Waste Management Plan. If no demolition taking place on site this KPI is not applicable.
B112: 12 | C112: Where assessed and reported at the design stage of assessment this KPI is based on a target as reported in a compliant Site Waste Management Plan.
... B114: 14 | C114: The total volatile organic compound (TVOC) concentration is measured post construction (but pre-occupancy) over 8 hours. Formaldehyde concentration level is measured post construction (but pre-occupancy) averaged over 30 minutes. Both KPI's are measured in accordance with European and/or ISO standards (refer to the BREEAM New Construction Technical Manual for relevant standard numbers). At the design stage of assessment no data is available for this KPI as they are both measured once the building has been constructed (but pre-occupancy) for the purpose of post construction assessment.
C115: "INA" = Indicator Not Assessed. This will be the case where either the data required for the KPI is not gathered/measured by the building's project team or not assessed/quantified in BREEAM for a particular building type or assessment stage e.g. energy consumption for construction process at the design stage of assessment.
C116: "-" = KPI not applicable to building being assessed.
AB131: Man | AC131: H&W | AD131: Ene | AE131: Trans | AF131: Wat | AG131: Mat | AH131: Was | AI131: LU&E | AJ131: Pol | AK131: Inn
AA132: 0 | AB132: 0 | AC132: 0 | AD132: 0 | AE132: 0 | AF132: 0 | AG132: 0 | AH132: 0 | AI132: 0 | AJ132: 0 | AK132: 0
AA133: Fully fitted | AB133: 0.11 | AC133: 0.14 | AD133: 0.16 | AE133: 0.1 | AF133: 0.07 | AG133: 0.15 | AH133: 0.06 | AI133: 0.13 | AJ133: 0.08 | AK133: 0.1
AA134: Fully fitted - Simple building | AB134: 0.075 | AC134: 0.165 | AD134: 0.115 | AE134: 0.115 | AF134: 0.075 | AG134: 0.175 | AH134: 0.07 | AI134: 0.15 | AJ134: 0.06 | AK134: 0.1
AA135: Shell and core | AB135: 0.11 | AC135: 0.08 | AD135: 0.14 | AE135: 0.115 | AF135: 0.07 | AG135: 0.175 | AH135: 0.07 | AI135: 0.15 | AJ135: 0.09 | AK135: 0.1
AA136: Shell only | AB136: 0.12 | AC136: 0.07 | AD136: 0.095 | AE136: 0.145 | AF136: 0.02 | AG136: 0.22 | AH136: 0.08 | AI136: 0.19 | AJ136: 0.06 | AK136: 0.1
AB148: New Construction (Fully fitted - simple building)
AB149: New Construction (Shell and core)
AB150: New Construction (Shell only)
AB152: 2018 (SD5076)

Sheet Assessment Issue Scoring
B1: HIDDEN CONTENT AND FORUMULAE IS PRESENT WITHIN THESE COLUMNS. DO NOT DELETE OR ADD CONTENT OR COLOUMNS OR ROWS WITHOUT FIRST UN-HIDING ALL AND CHECKING FOR CONTENT THAT MAY BE HIDDEN. | Y1: HIDDEN CONTENT AND FORUMULAE IS PRESENT WITHIN THESE COLUMNS. DO NOT DELETE OR ADD CONTENT OR COLOUMNS OR ROWS WITHOUT FIRST UN-HIDING ALL AND CHECKING FOR CONTENT THAT MAY BE HIDDEN. | AQ1: HIDDEN CONTENT AND FORUMULAE IS PRESENT WITHIN THESE COLUMNS. DO NOT DELETE OR ADD CONTENT OR COLOUMNS OR ROWS WITHOUT FIRST UN-HIDING ALL AND CHECKING FOR CONTENT THAT MAY BE HIDDEN.
B4: =IF(OR(projecttype='Assessment Details'!Z200,projecttype=""),"BREEAM UK New Construction 2018 Assessment Report: Assessment Issue Scoring","BREEAM UK Bespoke New Construction 2018 Assessment Report: Assessment Issue Scoring") -> BREEAM UK New Construction 2018 Assessment Report: Assessment Issue Scoring
B5: =IF(AD_Mandatory_fields_text=AIS_statement09,"Warning: All Mandatory fields in the assessment details worksheet must be completed/defined to reveal the applicable assessment issues.","") | Z5: Hide all these columns before locking and publishing tool
F9: Building name | H9: =IF(ISBLANK(ADBN),"",ADBN) -> 199-203 Henley Road | R9: BREEAM Scheme | V9: =IF(ISBLANK(AD_scheme),"",AD_scheme) -> New Construction
F11: Building score (%) | H11: =BP_OverallScore -> 0.57 | R11: Building Type | V11: =IF(ISBLANK(ADBT0),"",ADBT0) -> Residential institution (long term stay)
F13: Building rating | H13: =BP_BREEAMRating -> Very Good | R13: Assessment stage | V13: =IF(ISBLANK(ADAS0),"",ADAS0) -> Design (interim)
F15: Minimum standards level achieved | H15: =BP_MinStandards -> Excellent level | R15: Project Scope | V15: =IF(ISBLANK(ADPT),"",ADPT) -> Fully fitted
B17: MANAGEMENT
B19: Man 01 Project brief and design
F21: No. of BREEAM credits available | H21: =IF(OR(AD_scheme=ADBS2,ADPT=ADPT02),2,4) -> 4 | N21: Available contribution to overall score | P21: =(BP_32/BP_01)*Man01_credits -> 0.020952381
F23: No. of BREEAM exemplary credits available | H23: =IF(OR(AD_scheme=ADBS2,ADPT=ADPT02),2,0) -> 0 | N23: Minimum standards applicable | P23: No
B24: Assessment Criteria | J24: Compliant? | L24: Credits available | N24: Credits achieved
H26: Project delivery planning | J26: Yes | L26: 1 | N26: =IF(Man01_01=AIS_Yes,Man01_10,0) -> 1
H27: Stakeholder consultation (interested parties) | J27: Yes | L27: 1 | N27: =IF(Man01_02=AIS_Yes,Man01_11,0) -> 1
B29: Prerequisite: Have the client and the contractor formally agreed performance targets? | J29: Yes
H30: BREEAM Advisory Professional (Concept Design) | J30: Yes | L30: 1 | N30: =IF(AND(J29=AIS_Yes,Man01_03=AIS_Yes),Man01_12,0) -> 1
H31: BREEAM Advisory Professional (Developed Design) | J31: Yes | L31: =1 -> 1 | N31: =IF(AND(J29=AIS_Yes,Man01_04=AIS_Yes,Man01_21=Man01_12),Man01_13,0) -> 1 | P31: =IF(AND(Man01_04=AIS_Yes,Man01_03<>AIS_Yes),"The first Sustainability Champion credit must be achieved before the second can be awarded.","")
F33: Total BREEAM credits achieved | H33: =IF(ISERROR(Man01_Tot_Err), 0, Man01_Tot_Err) -> 4
F35: Total contribution to overall building score | H35: =(Man01_38/Man01_credits)*Man01_Tot -> 0.020952381
F37: Total BREEAM exemplary credits achieved | H37: =J37 -> N/A | J37: =IF(OR(AD_scheme=ADBS2,ADPT=ADPT02),Man01_21+Man01_22,AIS_NA) -> N/A
F39: Minimum standard(s) level | H39: N/A
B41: Assessor comments/notes:
B43: Man 02 Life cycle cost and service life planning
F45: No. of BREEAM credits available | H45: =IF(OR(AD_scheme=ADBS2,ADPT=ADPT02), 1,4) -> 4 | N45: Available contribution to overall score | P45: =(BP_32/BP_01)*Man02_credits -> 0.020952381
F47: No. of BREEAM exemplary credits available | H47: 0 | N47: Minimum standards applicable | P47: No
B49: Assessment Criteria | J49: Compliant? | L49: Credits available | N49: Credits achieved
H50: Elemental LCC | J50: No | L50: =IF(OR(AD_scheme=ADBS2,ADPT=ADPT02),0,2) -> 2 | N50: =IF(OR(AD_scheme=ADBS2,ADPT=ADPT02),0,IF(Man02_01=AIS_Yes,2,0)) -> 0
H51: Component level LCC options appraisal | J51: No | L51: =IF(OR(AD_scheme=ADBS2, ADPT=ADPT02),0, 1) -> 1 | N51: =IF(OR(AD_scheme=ADBS2,ADPT=ADPT02),0,IF(Man02_14=AIS_Yes,1,0)) -> 0
H52: Capital cost reporting | J52: Yes | L52: 1 | N52: =IF(Man02_16="",0,1) -> 1 | R52: =IF(Man02_16<"","",IF(Man02_15=AIS_Yes,"To achieve this credit Capital cost of the project must be confirmed",""))
H53: Capital cost of the project | J53: 223 | L53: £/m2
F55: Total BREEAM credits achieved | H55: =SUM(N50:N52) -> 1
F57: Total contribution to overall building score | H57: =(Man02_11/Man02_credits)*Man02_Tot -> 0.0052380952
F59: Total BREEAM exemplary credits achieved | H59: =AIS_NA -> N/A
F61: Minimum standard(s) level | H61: N/A
B63: Assessor comments/notes:
B65: Man 03 Responsible construction practices
F67: No. of BREEAM credits available | H67: =IF(OR(AD_scheme=ADBS2,ADPT=ADPT02),4,6) -> 6 | N67: Available contribution to overall score | P67: =(BP_32/BP_01)*Man03_credits -> 0.031428571
F69: No. of BREEAM exemplary credits available | H69: =IF(OR(AD_scheme=ADBS2,ADPT=ADPT02),2,1) -> 1 | N69: Minimum standards applicable | P69: Yes
B70: Assessment Criteria | J70: Compliant? | L70: Credits available | N70: Credits achieved
B72: Prerequisite: Are all timber and timber-based products used during the construction process of the project 'legally harvested and traded timber'? | J72: Yes
B74: Prerequisite: Does the party managing the construction site operate an Environmental Management System? | R74: Note: This is only a pre-requisite for Healthcare buildings
B76: Environmental management | J76: Yes | L76: 1 | N76: =IF(OR(Man03_prereq=AIS_No,Man03_prereq="",Man03_prereq02=AIS_No),0,IF(Man03_01=AIS_Yes,1,0)) -> 1
B78: Prerequisite: Have the client and the contractor formally agreed performance targets? | J78: Yes
H79: BREEAM Advisory Professional (site) | J79: Yes | L79: =IF(OR(AD_scheme=ADBS2,ADPT=ADPT02),0,1) -> 1 | N79: =IF(Man03_prereq02=AIS_No,0,(IF(Man03_04=AIS_No,0,IF(AND(Man03_04=AIS_Yes,J79=AIS_Yes),L79,0)))) -> 1
H80: Responsible construction management | J80: 2 | L80: 2 | N80: =IF(OR(Man03_prereq<>AIS_Yes,Man03_prereq02=AIS_No),0,J80) -> 2
H82: Monitoring of construction site impacts | J82: Yes
H83: Utility consumption | J83: Yes | L83: 1 | N83: =IF(AND(J82=AIS_Yes,Man03_11a=AIS_Yes,Man03_KPI04<>"",Man03_prereq02<>AIS_No),1,0) -> 1 | P83: =IF(Man03_11a=AIS_Yes,AIS_Statement106,"") -> Note: The KPI data is required to be completed in order to award the credit.
H84: =IF(OR(AD_scheme=ADBS2,ADPT=ADPT02),"Exemplary level criteria - Transport of construction materials and waste","Transport of construction materials and waste") -> Transport of construction materials and waste | J84: Yes | L84: 1 | N84: =(IF(AND(J82=AIS_Yes,Man03_11b=AIS_Yes,Man03_KPI10<>"",Man03_KPI15<>"",Man03_prereq02<>AIS_No),1,(IF(AND(AIS_stage00=AIS_stage01,J82=AIS_Yes,Man03_11b=AIS_Yes,Man03_prereq02<>AIS_No),1,0)))) -> 1 | P84: =IF(Man03_11b=AIS_Yes,AIS_Statement106,"") -> Note: The KPI data is required to be completed in order to award the credit.
H86: Exemplary level criteria - Responsible construction management | J86: Yes | L86: 1 | N86: =IF(Man03_prereq<>AIS_Yes,0,(IF(AND(N80=2,Man03_11c=AIS_Yes),L86,0))) -> 1
B87: Key Performance Indicators: Construction site energy use
H89: Energy consumption (total) - site processes | J89: 456 | L89: kWh
H90: Energy consumption (intensity) - site processes | J90: 456 | L90: kWh/project value
H91: Distance (total) - materials transport to site | L91: km
H92: Distance (total) - waste transport from site | L92: km
B93: Key Performance Indicators: Construction site greenhouse gas emissions
H95: Process greenhouse gas emissions (total) - site processes | J95: 456 | L95: KgCO2-eq
H96: Carbon dioxide emissions (intensity) - site processes | J96: 456 | L96: KgCO2-eq/project value
H97: Carbon dioxide emissions (total) - materials transport to site | L97: KgCO2-eq
H98: Carbon dioxide emissions (total) - waste transport from site | L98: KgCO2-eq
H99: Carbon dioxide emissions (intensity) - materials transport to site | L99: KgCO2-eq/project value
H100: Carbon dioxide emissions (intensity) - waste transport from site | L100: KgCO2-eq/project value
B101: Key Performance Indicators: Construction site use of freshwater resources
H103: Use of potable water resource (total) - site processes | L103: m3
H104: Use of potable water resource (intensity) - site processes | L104: m3/£100k
F106: Total BREEAM credits achieved | H106: =IF(ISERROR(Man03_Tot_Err),0,Man03_Tot_Err) -> 6
F108: Total contribution to overall building score | H108: =(Man03_12/Man03_credits)*Man03_Tot -> 0.031428571
F110: Total BREEAM exemplary credits achieved | H110: =IF(OR(AD_scheme=ADBS2,ADPT=ADPT02),SUM(N84:N86),N86) -> 1
F112: Minimum standard(s) level | H112: =VLOOKUP(MinSt_02,AIS_MinSt_benchmarks,2,FALSE) -> Outstanding level
B114: Assessor comments/notes:
B116: Man 04 Commisioning and handover
F118: No. of BREEAM credits available | H118: =SUM(L123:L127) -> 4 | N118: Available contribution to overall score | P118: =(BP_32/BP_01)*Man04_credits -> 0.020952381
F120: No. of BREEAM exemplary credits available | H120: 0 | N120: Minimum standards applicable | P120: =IF(ADPT=ADPT04,AIS_NA,AIS_Yes) -> Yes
B121: Assessment Criteria | J121: Compliant? | L121: Credits available | N121: Credits achieved | AA121: Man04
H123: Commissioning and testing schedule and responsibilities | J123: Yes | L123: =IF(ADPT=ADPT04,0,1) -> 1 | N123: =IF(ADPT=ADPT04,0,IF(Man04_01=AIS_Yes,Man04_05,0)) -> 1 | AA123: =OR(AD_scheme=ADBS2,ADPT=ADPT04) -> FALSE
H124: Commissioning - design and preparation | J124: Yes | L124: =IF(OR(ADPT=ADPT02, ADPT=ADPT04), 0,1) -> 1 | N124: =IF(ADPT=ADPT02,0,IF(AND(Man04_01=AIS_Yes,Man04_02=AIS_Yes),Man04_06,0)) -> 1 | R124: =IF(AND(Man04_03=AIS_Yes,Man04_01=AIS_Yes),"",AIS_Statement_112)
H125: Testing and inspecting building fabric | J125: Yes | L125: =IF(ADPT=ADPT02, 0,1) -> 1 | N125: =IF(AND(ADPT=ADPT04,Man04_03=AIS_Yes), 1,(IF(AND(Man04_01=AIS_Yes,Man04_03=AIS_Yes),1,0))) -> 1
H126: Handover - Has a Building User Guide been developed prior to handover? | J126: Yes
B127: Handover - Has a training schedule been prepared for building occupiers/managers? | J127: Yes | L127: =IF(ADPT=ADPT04,0,1) -> 1 | N127: =IF(ADPT=ADPT04,0,IF(AND(Man04_04=AIS_Yes,J127=AIS_Yes),L127,0)) -> 1
F129: Total BREEAM credits achieved | H129: =IF(ISERROR(Man04_Tot_Err),0,Man04_Tot_Err) -> 4
F131: Total contribution to overall building score | H131: =(Man04_17/Man04_credits)*Man04_tot -> 0.020952381
F133: Total BREEAM exemplary credits achieved | H133: N/A
F135: Minimum standard(s) level | H135: =IF(ADPT=ADPT04,AIS_NA,VLOOKUP(MinSt_03,AIS_MinSt_benchmarks,2,FALSE)) -> Outstanding level
B137: Assessor comments/notes:
B140: Man 05 Aftercare | P140: =IF(OR(Man05_spec=AIS_Yes,ADPT=ADPT03,ADPT=ADPT04),AIS_statement32,"")
F142: No. of BREEAM credits available | H142: =IF(OR(ADPT=ADPT03,ADPT=ADPT04,Man05_spec=AIS_Yes),AIS_NA,3) -> 3 | N142: Available contribution to overall score | P142: =IF(P140=AIS_statement32,AIS_NA,(BP_32/BP_01)*Man05_credits) -> 0.015714286
F144: No. of BREEAM exemplary credits available | H144: 0 | N144: Minimum standards applicable | P144: =IF(OR(ADPT=ADPT03,ADPT=ADPT04),AIS_NA,AIS_Yes) -> Yes
H146: Is this a speculative development? | J146: No | R146: Where the end-user is unknown it is not possible to demonstrate compliance with the Aftercare criteria requirements (KBCN0101).
B148: Assessment Criteria | J148: Compliant? | L148: Credits available | N148: Credits achieved
H150: Aftercare support | J150: Yes | L150: =IF(OR(ADPT=ADPT03, ADPT=ADPT04),0,1) -> 1 | N150: =IF(Man05_11=AIS_statement32,AIS_NA,IF(Man05_01=AIS_Yes,Man05_04,0)) -> 1
H151: Commissioning - implementation | J151: Yes | L151: =IF(OR(ADPT=ADPT03, ADPT=ADPT04),0,1) -> 1 | N151: =IF(Man05_11=AIS_statement32,AIS_NA,IF(Man05_02=AIS_Yes,Man05_05,0)) -> 1
H152: Post occupancy evaluation | J152: Yes | L152: =IF(OR(ADPT=ADPT03, ADPT=ADPT04),AIS_NA,(1)) -> 1 | N152: =IF(Man05_11=AIS_statement32,AIS_NA,IF(AND(Man05_03=AIS_Yes,J153=AIS_Yes),Man05_06,0)) -> 1
H153: The client or building occupier commits funds to pay for the POE in advance | J153: Yes
F155: Total BREEAM credits achieved | H155: =IF(ISERROR(Man05_Tot_Err),0,Man05_Tot_Err) -> 3
F157: Total contribution to overall building score | H157: =IF(OR(ADPT=ADPT02,ADPT=ADPT03),AIS_NA,IF(ISERROR((Man05_10/Man05_credits)*Man05_tot),0,(Man05_10/Man05_credits)*Man05_tot)) -> 0.015714286
F159: Total BREEAM exemplary credits achieved | H159: N/A
F161: Minimum standard(s) level | H161: =IF(OR(Man05_spec=AIS_Yes,ADPT=ADPT03,ADPT=ADPT04),AIS_NA,VLOOKUP(MinSt_04,AIS_MinSt_benchmarks,2,FALSE)) -> Outstanding level
B163: Assessor comments/notes:
B167: HEALTH & WELLBEING
B169: Hea 01 Visual Comfort
F171: No. of BREEAM credits available | H171: =IF(OR(ADPT=ADPT03,ADPT=ADPT04),SUM(L176:L180), SUM(L176:L179)) -> 5 | N171: Available contribution to overall score | P171: =(BP_33/BP_02)*Hea01_credits -> 0.038888889
...

Sheet Assessment Data
A1: This is a legacy tab, no longer in use. Will be replaced by MACRO.
BL2: ='Assessment Rating & KPIs'!B37 -> Energy (consumption/production) | BV2: ='Assessment Rating & KPIs'!B47 -> Carbon dioxide Emissions | CG2: ='Assessment Rating & KPIs'!B60 -> Emissions to outdoor air, soil and water | CI2: ='Assessment Rating & KPIs'!B63 -> Use of freshwater resource | CM2: ='Assessment Rating & KPIs'!B68 -> Construction waste and recovery | DC2: ='Assessment Rating & KPIs'!B85 -> Sourcing of materials | DD2: ='Assessment Rating & KPIs'!#REF! -> #REF! | DE2: ='Assessment Rating & KPIs'!B93 -> Indoor Air Quality
A3: ='Assessment Details'!B5 -> General information | F3: ='Assessment Details'!B18 -> Building details | AP3: ='Assessment Details'!B86 -> Project team details | AZ3: ='Assessment Rating & KPIs'!B4 -> Overall Building Performance | BB3: ='Assessment Rating & KPIs'!B13 -> Building Performance by Environment Section | BL3: ='Assessment Rating & KPIs'!F39 -> Building operation[1] | BP3: ='Assessment Rating & KPIs'!F41 -> Energy production[2] | BR3: ='Assessment Rating & KPIs'!F45 -> Transport[4] | BT3: ='Assessment Rating & KPIs'!F43 -> Construction process[3] | BV3: ='Assessment Rating & KPIs'!F49 -> Building operation[1] | BX3: ='Assessment Rating & KPIs'!F55 -> Construction process[3] | BZ3: ='Assessment Rating & KPIs'!F57 -> Transport[4] | CB3: ='Assessment Rating & KPIs'!F51 -> Embodied[5] | CE3: ='Assessment Rating & KPIs'!F59 -> Direct GHG emissions - Refrigerants[6] | CG3: ='Assessment Rating & KPIs'!F62 -> Nitrogen Oxides (NOx)[7] | CI3: ='Assessment Rating & KPIs'!F65 -> Building operation[8] | CK3: ='Assessment Rating & KPIs'!F67 -> Construction process[9] | CM3: ='Assessment Rating & KPIs'!F70 -> Construction waste[10] | CO3: ='Assessment Rating & KPIs'!F72 -> Construction waste diverted from landfill[10] | CQ3: ='Assessment Rating & KPIs'!F74 -> Demolition waste diverted from landfill[11] | CS3: ='Assessment Rating & KPIs'!F76 -> Demolition waste to disposal[11] | CU3: ='Assessment Rating & KPIs'!F78 -> Material for re-use[12] | CW3: ='Assessment Rating & KPIs'!F80 -> Material for recycling[12] | CY3: ='Assessment Rating & KPIs'!F82 -> Material for energy recovery[12] | DA3: ='Assessment Rating & KPIs'!F84 -> Hazardous waste to disposal[12] | DC3: ='Assessment Rating & KPIs'!F87 -> Materials responsibly sourced[13] | DD3: ='Assessment Rating & KPIs'!#REF! -> #REF! | DE3: ='Assessment Rating & KPIs'!F95 -> Formaldehyde concentration level[14] | DF3: ='Assessment Rating & KPIs'!F97 -> Total volatile organic compound concentration[14]
A4: ='Assessment Details'!B7 -> BRE Assessment reference no. | B4: ='Assessment Details'!B9 -> Client name | C4: ='Assessment Details'!B11 -> Building end user/occupier | D4: ='Assessment Details'!B13 -> Assessor name | E4: ='Assessment Details'!B17 -> Assessor organisation | F4: ='Assessment Details'!H20 -> Building name | G4: ='Assessment Details'!B22 -> Building address | K4: ='Assessment Details'!H30 -> County | L4: ='Assessment Details'!H32 -> Post code | M4: ='Assessment Details'!H44 -> Building type (main description) | N4: ='Assessment Details'!H46 -> Building type (sub-group) | O4: ='Assessment Details'!H54 -> Building floor area (GIA) m2 | P4: ='Assessment Details'!H56 -> Building floor area (NIFA) m2 | Q4: ='Assessment Details'!H36 -> BREEAM scheme | T4: ='Assessment Details'!H38 -> BREEAM version | U4: ='Assessment Details'!H40 -> BREEAM UK 2018 technical manual issue number | V4: ='Assessment Details'!H42 -> Project scope | W4: ='Assessment Details'!H52 -> Assessment stage | X4: ='Assessment Details'!#REF! -> #REF! | Y4: ='Assessment Details'!#REF! -> #REF! | Z4: ='Assessment Details'!H60 -> Building services - heating system type | AA4: ='Assessment Details'!H62 -> Building services - cooling system type | AB4: ='Assessment Details'!#REF! -> #REF! | AC4: ='Assessment Details'!#REF! -> #REF! | AD4: ='Assessment Details'!#REF! -> #REF! | AE4: ='Assessment Details'!H64 -> Are commercial or industrial-sized refrigeration and storage systems specified? | AF4: ='Assessment Details'!#REF! -> #REF! | AG4: ='Assessment Details'!H66 -> Are building user lifts present? | AH4: ='Assessment Details'!H70 -> Are laboratories present? | AI4: ='Assessment Details'!H72 -> What percentage of total building area do laboratories represent? | AJ4: ='Assessment Details'!H74 -> Are there fume cupboard(s) and/or other containment devices present? | AK4: ='Assessment Details'!#REF! -> #REF! | AL4: ='Assessment Details'!#REF! -> #REF! | AM4: ='Assessment Details'!#REF! -> #REF! | AN4: ='Assessment Details'!#REF! -> #REF! | AO4: ='Assessment Details'!#REF! -> #REF! | AP4: ='Assessment Details'!H88 -> Developer | AQ4: ='Assessment Details'!H90 -> Principal contractor | AR4: ='Assessment Details'!H92 -> Architect | AS4: ='Assessment Details'!H94 -> Project management | AT4: ='Assessment Details'!H96 -> Building services | AU4: ='Assessment Details'!H98 -> BREEAM Accredited Professional | AV4: ='Assessment Details'!H100 -> Other project team member 1 | AW4: ='Assessment Details'!H102 -> Other project team member 2 | AX4: ='Assessment Details'!H104 -> Other project team member 3 | AY4: ='Assessment Details'!H106 -> Other project team member 4 | AZ4: ='Assessment Rating & KPIs'!D8 -> BREEAM rating | BA4: ='Assessment Rating & KPIs'!D10 -> Total Score | BB4: ='Assessment Rating & KPIs'!H17 -> Management | BC4: ='Assessment Rating & KPIs'!H19 -> Health & Wellbeing | BD4: ='Assessment Rating & KPIs'!H21 -> Energy | BE4: ='Assessment Rating & KPIs'!H23 -> Transport | BF4: ='Assessment Rating & KPIs'!H25 -> Water | BG4: ='Assessment Rating & KPIs'!H27 -> Materials | BH4: ='Assessment Rating & KPIs'!H29 -> Waste | BI4: ='Assessment Rating & KPIs'!H31 -> Land Use & Ecology | BJ4: ='Assessment Rating & KPIs'!H33 -> Pollution | BK4: ='Assessment Rating & KPIs'!H35 -> Innovation | BL4: ='Assessment Rating & KPIs'!L37 -> Intensity | BM4: ='Assessment Rating & KPIs'!P37 -> Total | BP4: =$BL$4 -> Intensity | BQ4: =$BM$4 -> Total | BR4: =$BL$4 -> Intensity | BS4: =$BM$4 -> Total | BT4: =$BL$4 -> Intensity | BU4: =$BM$4 -> Total | BV4: =$BL$4 -> Intensity | BW4: =$BM$4 -> Total | BX4: =$BL$4 -> Intensity | BY4: =$BM$4 -> Total | BZ4: =$BL$4 -> Intensity | CA4: =$BM$4 -> Total | CB4: =$BL$4 -> Intensity | CC4: =$BM$4 -> Total | CD4: ='Assessment Rating & KPIs'!P53 -> Proportion of applicable main building elements that data reported covers | CE4: =$BL$4 -> Intensity | CF4: =$BM$4 -> Total | CG4: =$BL$4 -> Intensity | CH4: =$BM$4 -> Total | CI4: =$BL$4 -> Intensity | CJ4: =$BM$4 -> Total | CK4: =$BL$4 -> Intensity | CL4: =$BM$4 -> Total | CM4: =$BL$4 -> Intensity | CN4: =$BM$4 -> Total | CO4: =$BL$4 -> Intensity | CP4: =$BM$4 -> Total | CQ4: =$BL$4 -> Intensity | CR4: =$BM$4 -> Total | CS4: =$BL$4 -> Intensity | CT4: =$BM$4 -> Total | CU4: =$BL$4 -> Intensity | CV4: =$BM$4 -> Total | CW4: =$BL$4 -> Intensity | CX4: =$BM$4 -> Total | CY4: =$BL$4 -> Intensity | CZ4: =$BM$4 -> Total | DA4: =$BL$4 -> Intensity | DB4: =$BM$4 -> Total | DC4: =$BM$4 -> Total | DD4: =$BL$4 -> Intensity | DE4: =$BL$4 -> Intensity | DF4: =$BL$4 -> Intensity
A5: No./Text | B5: Text | C5: Text | D5: Text | E5: Text | F5: Text | G5: Text | H5: Text | I5: Text | J5: Text | K5: Text | L5: Text | M5: Text | N5: Text | O5: No. | P5: No. | Q5: Text | T5: Text | U5: No. | V5: Text | W5: Text | X5: Text | Y5: Text | Z5: Text | AA5: Text | AB5: Text | AC5: Text | AD5: Text | AE5: Text | AF5: Text | AG5: Text | AH5: Text | AI5: Text | AJ5: Text | AK5: Text | AL5: Text | AM5: Text | AN5: Text | AO5: % | AP5: Text | AQ5: Text | AR5: Text | AS5: Text | AT5: Text | AU5: Text | AV5: Text | AW5: Text | AX5: Text | AY5: Text | AZ5: Text | BA5: % | BB5: % | BC5: % | BD5: % | BE5: % | BF5: % | BG5: % | BH5: % | BI5: % | BJ5: % | BK5: % | BL5: ='Assessment Rating & KPIs'!N39 -> kWh/m2/yr | BM5: ='Assessment Rating & KPIs'!R39 -> kWh/yr | BP5: ='Assessment Rating & KPIs'!N41 -> kWh/m2/yr | BQ5: ='Assessment Rating & KPIs'!R41 -> kWh/yr | BR5: ='Assessment Rating & KPIs'!N45 -> INA | BS5: ='Assessment Rating & KPIs'!R45 -> INA | BT5: ='Assessment Rating & KPIs'!N43 -> INA | BU5: ='Assessment Rating & KPIs'!R43 -> INA | BV5: ='Assessment Rating & KPIs'!N49 -> kgCO2eq/m2/yr | BW5: ='Assessment Rating & KPIs'!R49 -> kgCO2eq/yr | BX5: ='Assessment Rating & KPIs'!N55 -> INA | BY5: ='Assessment Rating & KPIs'!R55 -> INA | BZ5: ='Assessment Rating & KPIs'!N57 -> INA | CA5: ='Assessment Rating & KPIs'!R57 -> INA | CB5: ='Assessment Rating & KPIs'!N51 -> kgCO2eq/m2 | CC5: ='Assessment Rating & KPIs'!R51 -> kgCO2eq | CD5: % | CE5: ='Assessment Rating & KPIs'!N59 -> KgCO2eq/kWcoolth | CF5: ='Assessment Rating & KPIs'!R59 -> KgCO2eq | CG5: ='Assessment Rating & KPIs'!N62 -> mg/kWh | CH5: ='Assessment Rating & KPIs'!R62 -> kg/yr | CI5: ='Assessment Rating & KPIs'!N65 -> INA | CJ5: ='Assessment Rating & KPIs'!R65 -> INA | CK5: ='Assessment Rating & KPIs'!N67 -> INA | CL5: ='Assessment Rating & KPIs'!R67 -> INA | CM5: ='Assessment Rating & KPIs'!N70 -> tonnes/100m2 | CN5: ='Assessment Rating & KPIs'!R70 -> tonnes | CO5: ='Assessment Rating & KPIs'!N72 -> % | CP5: ='Assessment Rating & KPIs'!R72 -> tonnes | CQ5: ='Assessment Rating & KPIs'!N74 -> % | CR5: ='Assessment Rating & KPIs'!R74 -> INA | CS5: ='Assessment Rating & KPIs'!N76 -> % | CT5: ='Assessment Rating & KPIs'!R76 -> INA | CU5: ='Assessment Rating & KPIs'!N78 -> tonnes/100m2 | CV5: ='Assessment Rating & KPIs'!R78 -> tonnes | CW5: ='Assessment Rating & KPIs'!N80 -> tonnes/100m2 | CX5: ='Assessment Rating & KPIs'!R80 -> tonnes | CY5: ='Assessment Rating & KPIs'!N82 -> tonnes/100m2 | CZ5: ='Assessment Rating & KPIs'!R82 -> tonnes | DA5: ='Assessment Rating & KPIs'!N84 -> tonnes/100m2 | DB5: ='Assessment Rating & KPIs'!R84 -> tonnes | DC5: ='Assessment Rating & KPIs'!N87 -> % | DD5: ='Assessment Rating & KPIs'!#REF! -> #REF! | DE5: ='Assessment Rating & KPIs'!N95 -> INA | DF5: ='Assessment Rating & KPIs'!N97 -> INA
A6: =AD_ref -> BREEAM-0098-8877 | B6: =AD_client -> ? | C6: =AD_Builduser -> 0 | D6: =AD_assessor -> Gaynor Smissen | E6: =AD_Assessor_org -> Kent Sustainability | F6: =ADBN -> 199-203 Henley Road | G6: =AD_Add01 -> 199-203 Henley Road | H6: =AD_Add02 -> Caversham | I6: =AD_Add03 -> Reading | J6: =AD_Add04 -> 0 | K6: =AD_County -> Berkshire | L6: =AD_PC -> RG4 6LG | M6: =ADBT0 -> Residential institution (long term stay) | N6: =ADBT_sub01 -> Residential institution (long term stay) - Residential care home | O6: =AD_GIA -> 1255 | P6: =AD_NIFA -> 1125 | Q6: =AD_scheme -> New Construction | T6: =AD_version -> 2018 (SD5078) | U6: =AD_SchIss -> SD5078 Issue 3.0 | V6: =ADPT -> Fully fitted | W6: =ADAS0 -> Design (interim) | X6: =AD_Location -> #REF! | Y6: =AD_climate -> #REF! | Z6: =AD_heat -> Air system | AA6: =AD_cool -> Comfort cooling | AB6: =AD_DHWS -> #REF! | AC6: =AD_controls -> #REF! | AD6: =ADIND_option02 -> #REF! | AE6: =AD_refrig -> No | AF6: =AD_landscape -> #NAME? | AG6: =AD_Trans -> Yes | AH6: =AD_Labsize -> No | AI6: =AD_catlevel -> 0 | AJ6: =ADFume_option01 -> 0 | AK6: =AD_Vehiclewash -> 0 | AL6: =ADHC_option01 -> #REF! | AM6: =ADIND_option01 -> #REF! | AN6: =AD_MultiRes_option01 -> SBEM only | AO6: =AD_MultiRes_option02 -> SBEM only | AP6: =AD_Developer -> 0 | AQ6: =AD_Contractor -> 0 | AR6: =AD_Architect -> 0 | AS6: =AD_Projman -> 0 | AT6: =AD_Buildserve -> 0 | AU6: =AD_BREEAMAP -> 0 | AV6: =AD_Other01 -> 0 | AW6: =AD_Other02 -> 0 | AX6: =AD_other03 -> 0 | AY6: =AD_Other04 -> 0 | AZ6: =BP_BREEAMRating -> Very Good | BA6: =BP_OverallScore -> 0.57 | BB6: =BP_Man_score -> 0.0942 | BC6: =BP_HW_score -> 0.0544 | BD6: =BP_Energy_score -> 0.099 | BE6: =BP_Trans_score -> 0.075 | BF6: =BP_Water_score -> 0.035 | BG6: =BP_Materials_score -> 0.0535 | BH6: =BP_Waste_Score -> 0.006 | BI6: =BP_LUE_score -> 0.08 | BJ6: =BP_Pollution_score -> 0.0333 | BK6: =BP_Innovation_score -> 0.04 | BL6: =BP_KPI01 -> 37 | BM6: =BP_KPI02 -> 46435 | BP6: =BP_KPI07 -> INA | BQ6: =BP_KPI08 -> INA | BR6: =BP_KPI05 -> INA | BS6: =BP_KPI06 -> #REF! | BT6: =BP_KPI03 -> INA | BU6: =BP_KPI04 -> INA | BV6: =BP_KPI09 -> INA | BW6: =BP_KPI10 -> INA | BX6: =BP_KPI11 -> INA | BY6: =BP_KPI12 -> INA | BZ6: =BP_KPI13 -> INA | CA6: =BP_KPI14 -> INA | CB6: =BP_KPI15 -> #REF! | CC6: =BP_KPI16 -> #REF! | CD6: =BP_KPI49 -> #REF! | CE6: =BP_KPI17 -> 45 | CF6: =BP_KPI18 -> INA | CG6: =BP_KPI21 -> #REF! | CH6: =BP_KPI22 -> #REF! | CI6: =BP_KPI23 -> INA | CJ6: =BP_KPI24 -> INA | CK6: =BP_KPI25 -> INA | CL6: =BP_KPI26 -> INA | CM6: =BP_KPI27 -> INA | CN6: =BP_KPI28 -> INA | CO6: =BP_KPI29 -> INA | CP6: =BP_KPI30 -> INA | CQ6: =BP_KPI31 -> INA | CR6: =BP_KPI32 -> INA | CS6: =BP_KPI33 -> INA | CT6: =BP_KPI34 -> INA | CU6: =BP_KPI37 -> INA | CV6: =BP_KPI38 -> INA | CW6: =BP_KPI39 -> INA | CX6: =BP_KPI40 -> INA | CY6: =BP_KPI41 -> INA | CZ6: =BP_KPI42 -> INA | DA6: =BP_KPI35 -> INA | DB6: =BP_KPI36 -> INA | DC6: =BP_KPI43 -> 0.6 | DD6: =BP_KPI45 -> #REF! | DE6: =BP_KPI47 -> - | DF6: =BP_KPI48 -> INA
A8: =Man_01 -> Man 01 Project brief and design | M8: =Man_02 -> Man 02 Life cycle cost and service life planning | T8: =Man_03 -> Man 03 Responsible construction practices | AC8: =Man_04 -> Man 04 Commisioning and handover | AI8: =Man_05 -> Man 05 Aftercare | AN8: =Hea_01 -> Hea 01 Visual Comfort | AW8: =Hea_02 -> Hea 02 Indoor Air Quality | BE8: =Hea_03 -> #REF! | BI8: =Hea_04 -> Hea 04 Thermal comfort | BP8: ='Assessment Issue Scoring'!B249 -> Hea 05 Acoustic Performance | BT8: =Hea_06 -> Hea 06 Security | BX8: =Ene_01 -> Ene 01 Reduction of energy use and carbon emissions | CF8: Ene01 modelling data (SBEM or SAP): note where both SAP and SBEM are used on an assessed project this data relates to SBEM (non-dwellings) data only (the columns further on contain the SAP data) | CR8: Ene01: note where both SAP and SBEM are used on an assessed project this data relates to SAP (non-dwellings) data. | DE8: =Ene_02 -> Ene 02 Energy monitoring | DI8: =Ene_03 -> Ene 03 External lighting | DL8: =Ene_04 -> Ene 04 Low carbon design | DX8: =Ene_05 -> Ene 05 Energy efficient cold storage | ED8: =Ene_06 -> Ene 06 Energy efficient transportation systems | EH8: =Ene_07 -> Ene 07 Energy efficient laboratory systems | EW8: =Ene_08 -> Ene 08 Energy efficient equipment | EZ8: Equipment present | FH8: Equipment defined as significant majority contributor | FP8: =Ene_09 -> #REF! | FS8: =Tra_01 -> Tra 01 Transport assessment and travel plan | FZ8: =Tra_02 -> Tra 02 Sustainable transport measures | GC8: =Tra_03 -> #REF! | GJ8: =Tra_04 -> #REF! | GM8: =Tra_05 -> #REF! | GP8: =Wat_01 -> Wat 01 Water Consumption | HB8: =Wat_02 -> Wat 02 Water Monitoring | HH8: =Wat_03 -> Wat 03 Water Leak Detection and Prevention | HL8: =Wat_04 -> Wat 04 Water Efficient Equipment
A9: ='Assessment Issue Scoring'!F33 -> Total BREEAM credits achieved | B9: ='Assessment Issue Scoring'!F35 -> Total contribution to overall building score | C9: ='Assessment Issue Scoring'!F37 -> Total BREEAM exemplary credits achieved | D9: ='Assessment Issue Scoring'!H26 -> Project delivery planning | E9: ='Assessment Issue Scoring'!H27 -> Stakeholder consultation (interested parties) | F9: ='Assessment Issue Scoring'!H30 -> BREEAM Advisory Professional (Concept Design) | G9: ='Assessment Issue Scoring'!H31 -> BREEAM Advisory Professional (Developed Design) | M9: ='Assessment Issue Scoring'!F55 -> Total BREEAM credits achieved | N9: ='Assessment Issue Scoring'!F59 -> Total BREEAM exemplary credits achieved | O9: ='Assessment Issue Scoring'!F57 -> Total contribution to overall building score | P9: ='Assessment Issue Scoring'!H50 -> Elemental LCC | Q9: ='Assessment Issue Scoring'!H51 -> Component level LCC options appraisal | R9: ='Assessment Issue Scoring'!H52 -> Capital cost reporting | S9: ='Assessment Issue Scoring'!H53 -> Capital cost of the project | T9: ='Assessment Issue Scoring'!F106 -> Total BREEAM credits achieved | U9: ='Assessment Issue Scoring'!F108 -> Total contribution to overall building score | V9: ='Assessment Issue Scoring'!B76 -> Environmental management | W9: ='Assessment Issue Scoring'!#REF! -> #REF! | X9: ='Assessment Issue Scoring'!#REF! -> #REF! | Y9: ='Assessment Issue Scoring'!B78 -> Prerequisite: Have the client and the contractor formally agreed performance targets? | Z9: ='Assessment Issue Scoring'!#REF! -> #REF! | AA9: ='Assessment Issue Scoring'!#REF! -> #REF! | AB9: Construction site management credit achieved | AC9: ='Assessment Issue Scoring'!F129 -> Total BREEAM credits achieved | AD9: ='Assessment Issue Scoring'!F131 -> Total contribution to overall building score | AE9: ='Assessment Issue Scoring'!H123 -> Commissioning and testing schedule and responsibilities | AF9: ='Assessment Issue Scoring'!H124 -> Commissioning - design and preparation | AG9: ='Assessment Issue Scoring'!H125 -> Testing and inspecting building fabric | AH9: ='Assessment Issue Scoring'!H126 -> Handover - Has a Building User Guide been developed prior to handover? | AI9: ='Assessment Issue Scoring'!F155 -> Total BREEAM credits achieved | AJ9: ='Assessment Issue Scoring'!F157 -> Total contribution to overall building score | AK9: ='Assessment Issue Scoring'!H150 -> Aftercare support | AL9: ='Assessment Issue Scoring'!H151 -> Commissioning - implementation | AM9: ='Assessment Issue Scoring'!H152 -> Post occupancy evaluation | AN9: ='Assessment Issue Scoring'!F185 -> Total BREEAM credits achieved | AO9: ='Assessment Issue Scoring'!F187 -> Total contribution to overall building score | AP9: ='Assessment Issue Scoring'!F189 -> Total BREEAM exemplary credits achieved | AQ9: ='Assessment Issue Scoring'!H176 -> Control of glare from sunlight | AR9: ='Assessment Issue Scoring'!H177 -> Daylighting (building type dependent) | AS9: ='Assessment Issue Scoring'!H178 -> View out | AT9: ='Assessment Issue Scoring'!H179 -> Internal and external lighting levels, zoning and controls | AU9: ='Assessment Issue Scoring'!#REF! -> #REF! | AV9: ='Assessment Issue Scoring'!#REF! -> #REF! | AW9: ='Assessment Issue Scoring'!F212 -> Total BREEAM credits achieved | AX9: ='Assessment Issue Scoring'!F214 -> Total contribution to overall building score | AY9: ='Assessment Issue Scoring'!H202 -> Prerequisite: Indoor air quality (IAQ) plan | AZ9: ='Assessment Issue Scoring'!H204 -> Emissions from building products | BA9: ='Assessment Issue Scoring'!H205 -> Post-construction indoor air quality measurement | BB9: ='Assessment Issue Scoring'!#REF! -> #REF! | BC9: ='Assessment Issue Scoring'!H207 -> Exemplary level criteria - Emissions from building products | BD9: ='Assessment Issue Scoring'!#REF! -> #REF! | BE9: ='Assessment Issue Scoring'!#REF! -> #REF! | BF9: ='Assessment Issue Scoring'!#REF! -> #REF! | BG9: ='Assessment Issue Scoring'!#REF! -> #REF! | BH9: ='Assessment Issue Scoring'!#REF! -> #REF! | BI9: ='Assessment Issue Scoring'!F239 -> Total BREEAM credits achieved | BJ9: ='Assessment Issue Scoring'!F241 -> Total contribution to overall building score | BK9: ='Assessment Issue Scoring'!H230 -> Design for future thermal comfort | BL9: ='Assessment Issue Scoring'!B232 -> Thermal zoning and control | BM9: ='Assessment Issue Scoring'!H229 -> Thermal modelling | BN9: ='Assessment Issue Scoring'!H236 -> Predicted Mean Vote (PMV) | BO9: ='Assessment Issue Scoring'!H237 -> Predicted Percentage Dissatisfied (PPD) | BP9: ='Assessment Issue Scoring'!F262 -> Total BREEAM credits achieved | BQ9: ='Assessment Issue Scoring'!F264 -> Total contribution to overall building score | BR9: ='Assessment Issue Scoring'!#REF! -> #REF! | BS9: ='Assessment Issue Scoring'!#REF! -> #REF! | BT9: ='Assessment Issue Scoring'!F282 -> Total BREEAM credits achieved | BU9: ='Assessment Issue Scoring'!F284 -> Total contribution to overall building score | BV9: ='Assessment Issue Scoring'!H279 -> Security of site and building | BW9: ='Assessment Issue Scoring'!H280 -> Exemplary level criteria | BX9: ='Assessment Issue Scoring'!F369 -> Total BREEAM credits achieved | BY9: ='Assessment Issue Scoring'!F371 -> Total contribution to overall building score | BZ9: ='Assessment Issue Scoring'!F373 -> Total BREEAM exemplary credits achieved | CA9: Regulated energy consumption met via carbon neutral sources | CB9: ='Assessment Issue Scoring'!#REF! -> #REF! | CC9: ='Assessment Issue Scoring'!#REF! -> #REF! | CD9: Energy modelling outputs used | CE9: Area weighted percentage improvement on Target Emission Rate | CF9: ='Assessment Issue Scoring'!#REF! -> #REF! | CG9: ='Assessment Issue Scoring'!#REF! -> #REF! | CH9: ='Assessment Issue Scoring'!#REF! -> #REF! | CI9: ='Assessment Issue Scoring'!#REF! -> #REF! | CJ9: ='Assessment Issue Scoring'!#REF! -> #REF! | CK9: ='Assessment Issue Scoring'!#REF! -> #REF! | CL9: ='Assessment Issue Scoring'!#REF! -> #REF! | CM9: ='Assessment Issue Scoring'!#REF! -> #REF! | ... CP9: ='Assessment Issue Scoring'!#REF! -> #REF! | CQ9: Credits achieved for SBEM modelled outputs (Where SAP and SBEM used) | CR9: ='Assessment Details'!#REF! -> #REF! | CS9: ='Assessment Issue Scoring'!#REF! -> #REF! | CT9: ='Assessment Issue Scoring'!#REF! -> #REF! | CU9: ='Assessment Issue Scoring'!#REF! -> #REF! | CV9: ='Assessment Issue Scoring'!#REF! -> #REF! | CW9: ='Assessment Issue Scoring'!#REF! -> #REF! | CX9: ='Assessment Issue Scoring'!#REF! -> #REF! | CY9: ='Assessment Issue Scoring'!#REF! -> #REF! | CZ9: ='Assessment Issue Scoring'!#REF! -> #REF! | ... DC9: ='Assessment Issue Scoring'!#REF! -> #REF! | DD9: Credits achieved for SAP modelled outputs (Where SAP and SBEM used) | DE9: ='Assessment Issue Scoring'!F389 -> Total BREEAM credits achieved | DF9: ='Assessment Issue Scoring'!F391 -> Total contribution to overall building score | DG9: ='Assessment Issue Scoring'!H386 -> Sub-metering of end use categories | DH9: ='Assessment Issue Scoring'!H387 -> Sub-metering of high energy load and tenancy areas | DI9: ='Assessment Issue Scoring'!F409 -> Total BREEAM credits achieved | DJ9: ='Assessment Issue Scoring'!F411 -> Total contribution to overall building score | DK9: ='Assessment Issue Scoring'!H406 -> External lighting has been designed out | DL9: ='Assessment Issue Scoring'!F452 -> Total BREEAM credits achieved | DM9: ='Assessment Issue Scoring'!F454 -> Total contribution to overall building score | DN9: ='Assessment Issue Scoring'!F456 -> Total BREEAM exemplary credits achieved | DO9: Feasibility study | DP9: ='Assessment Issue Scoring'!H429 -> Low and zero carbon technologies | DQ9: Feasibility study credits achieved | DR9: Percentage net reduction in CO2 emissions (for scoping period) | DS9: Credits achieved for percentage net reduction in CO2 emissions (for scoping period) | DT9: ='Assessment Issue Scoring'!H438 -> Total on-site and/or near-site LZC energy generation | DU9: ='Assessment Issue Scoring'!H433 -> 0 | DV9: Free Cooling stategy | DW9: Free Cooling strategy credits | DX9: ='Assessment Issue Scoring'!F473 -> Total BREEAM credits achieved | DY9: ='Assessment Issue Scoring'!F475 -> Total contribution to overall building score | DZ9: ='Assessment Issue Scoring'!F477 -> Total BREEAM exemplary credits achieved | EA9: ='Assessment Issue Scoring'!H470 -> Refrigeration energy consumption | EB9: ='Assessment Issue Scoring'!H471 -> Indirect greenhouse gas emissions | EC9: ='Assessment Issue Scoring'!#REF! -> #REF! | ED9: ='Assessment Issue Scoring'!F494 -> Total BREEAM credits achieved | EE9: ='Assessment Issue Scoring'!F496 -> Total contribution to overall building score | EF9: ='Assessment Issue Scoring'!H490 -> Energy consumption | EG9: ='Assessment Issue Scoring'!#REF! -> #REF! | EH9: ='Assessment Issue Scoring'!F526 -> Total BREEAM credits achieved | EI9: ='Assessment Issue Scoring'!F528 -> Total contribution to overall building score | EJ9: ='Assessment Issue Scoring'!H512 -> Laboratory containment devices and containment areas | EK9: ='Assessment Issue Scoring'!H514 -> Fume cupboard volume flow rates | EL9: ='Assessment Issue Scoring'!H515 -> Grouping / isolation of high filtration/ventilation activities | EM9: ='Assessment Issue Scoring'!H516 -> Energy recovery - heat | EN9: ='Assessment Issue Scoring'!H517 -> Energy recovery - cooling | EO9: ='Assessment Issue Scoring'!H518 -> Grouping of cooling loads | EP9: ='Assessment Issue Scoring'!H519 -> Free cooling | EQ9: ='Assessment Issue Scoring'!H520 -> Load responsiveness | ER9: ='Assessment Issue Scoring'!H521 -> Clean rooms | ES9: ='Assessment Issue Scoring'!H522 -> Diversity | ET9: ='Assessment Issue Scoring'!H523 -> Room air-change rates | EU9: ='Assessment Issue Scoring'!H524 -> Fan power | EV9: ='Assessment Issue Scoring'!#REF! -> #REF! | EW9: ='Assessment Issue Scoring'!F556 -> Total BREEAM credits achieved | EX9: ='Assessment Issue Scoring'!F558 -> Total contribution to overall building score | EY9: ='Assessment Issue Scoring'!H554 -> Significant majority contributors BREEAM compliant | EZ9: ='Assessment Issue Scoring'!H544 -> Swimming pool present? | FA9: ='Assessment Issue Scoring'!H545 -> Laundry facilities with commercial-sized appliances present? | FB9: ='Assessment Issue Scoring'!H546 -> Data centre present? | FC9: ='Assessment Issue Scoring'!H547 -> IT-intensive operating areas present? | FD9: ='Assessment Issue Scoring'!H548 -> Domestic scale appliances (individual and communal facilities) present? | FE9: ='Assessment Issue Scoring'!H549 -> Healthcare equipment present? | FF9: ='Assessment Issue Scoring'!H550 -> Kitchen and catering facilities present? | FG9: ='Assessment Issue Scoring'!H551 -> Other contributors | FH9: ='Assessment Issue Scoring'!H544 -> Swimming pool present? | FI9: ='Assessment Issue Scoring'!H545 -> Laundry facilities with commercial-sized appliances present? | FJ9: ='Assessment Issue Scoring'!H546 -> Data centre present? | FK9: ='Assessment Issue Scoring'!H547 -> IT-intensive operating areas present? | FL9: ='Assessment Issue Scoring'!H548 -> Domestic scale appliances (individual and communal facilities) present? | FM9: ='Assessment Issue Scoring'!H549 -> Healthcare equipment present? | FN9: ='Assessment Issue Scoring'!H550 -> Kitchen and catering facilities present? | FO9: ='Assessment Issue Scoring'!H551 -> Other contributors | FP9: ='Assessment Issue Scoring'!#REF! -> #REF! | FQ9: ='Assessment Issue Scoring'!#REF! -> #REF! | FR9: ='Assessment Issue Scoring'!#REF! -> #REF! | FS9: ='Assessment Issue Scoring'!F578 -> Total BREEAM credits achieved | FT9: ='Assessment Issue Scoring'!F580 -> Total contribution to overall building score | FU9: ='Assessment Issue Scoring'!#REF! -> #REF! | FV9: ='Assessment Issue Scoring'!H576 -> Travel plan | FW9: ='Assessment Issue Scoring'!H576 -> Travel plan | FX9: ='Assessment Issue Scoring'!#REF! -> #REF! | FY9: ='Assessment Issue Scoring'!#REF! -> #REF! | FZ9: ='Assessment Issue Scoring'!F599 -> Total BREEAM credits achieved | GA9: ='Assessment Issue Scoring'!F601 -> Total contribution to overall building score | GB9: ='Assessment Issue Scoring'!H597 -> Number of points achieved overall | GC9: ='Assessment Issue Scoring'!#REF! -> #REF! | GD9: ='Assessment Issue Scoring'!#REF! -> #REF! | GE9: ='Assessment Issue Scoring'!#REF! -> #REF! | GF9: ='Assessment Issue Scoring'!#REF! -> #REF! | GG9: ='Assessment Issue Scoring'!#REF! -> #REF! | GH9: ='Assessment Issue Scoring'!#REF! -> #REF! | GI9: ='Assessment Issue Scoring'!#REF! -> #REF! | GJ9: ='Assessment Issue Scoring'!#REF! -> #REF! | ... GO9: ='Assessment Issue Scoring'!#REF! -> #REF! | GP9: ='Assessment Issue Scoring'!F643 -> Total BREEAM credits achieved | GQ9: ='Assessment Issue Scoring'!F645 -> Total contribution to overall building score | GR9: ='Assessment Issue Scoring'!F647 -> Total BREEAM exemplary credits achieved | GS9: Calculation procedure used | GT9: ='Assessment Issue Scoring'!H629 -> Water Consumption from building micro-components | GU9: ='Assessment Issue Scoring'!H630 -> Water demand met via greywater/rainwater sources | GV9: ='Assessment Issue Scoring'!H631 -> Total net water consumption | GW9: ='Assessment Issue Scoring'!H632 -> Improvement on baseline performance | GX9: ='Assessment Issue Scoring'!H635 -> Total net Water Consumption | GY9: ='Assessment Issue Scoring'!H636 -> Default building occupancy | GZ9: ='Assessment Issue Scoring'!H640 -> Overall microcomponent performance level achieved | HA9: ='Assessment Issue Scoring'!#REF! -> #REF! | HB9: ='Assessment Issue Scoring'!F666 -> Total BREEAM credits achieved | HC9: ='Assessment Issue Scoring'!F668 -> Total contribution to overall building score | HD9: ='Assessment Issue Scoring'!H660 -> Water meter on the mains water supply to each building | HE9: ='Assessment Issue Scoring'!H661 -> Sub-metering/monitoring equipment on supply to plant/building areas | HF9: ='Assessment Issue Scoring'!B662 -> Pulsed output or other open protocol communication output and BMS connection | HG9: ='Assessment Issue Scoring'!B663 -> The water monitoring strategy used enables the identification of all water consumption for sanitary uses as assessed under Wat 01 (L/person/day) | HH9: ='Assessment Issue Scoring'!F688 -> Total BREEAM credits achieved | HI9: ='Assessment Issue Scoring'!F690 -> Total contribution to overall building score | HJ9: ='Assessment Issue Scoring'!H683 -> Leak detection system | HK9: ='Assessment Issue Scoring'!H686 -> Flow control devices | HL9: ='Assessment Issue Scoring'!F709 -> Total BREEAM credits achieved | HM9: ='Assessment Issue Scoring'!F711 -> Total contribution to overall building score | HN9: ='Assessment Issue Scoring'!H707 -> Water efficient consumption
A10: No. (credits) | B10: % | C10: No. (credits) | D10: No. (credits) | E10: No. (credits) | F10: No. (credits) | G10: No. (credits) | M10: No. (credits) | N10: No. (credits) | O10: % | P10: Text | Q10: Text | R10: Text | S10: ='Assessment Issue Scoring'!L53 -> £/m2 | T10: No. (credits) | U10: % | V10: No. (credits) | W10: No. (credits) | X10: No. (credits) | Y10: No. (credits) | Z10: Text (compliant) | AA10: Text (compliant) | AB10: No. (credits) | AC10: No. (credits) | AD10: % | AE10: No. (credits) | AF10: No. (credits) | AG10: No. (credits) | AH10: No. (credits) | AI10: No. | AJ10: % | AK10: No. (credits) | AL10: No. (credits) | AM10: No. (credits) | AN10: No. (credits) | AO10: % | AP10: No. (credits) | AQ10: Text (compliant) | AR10: No. (credits) | AS10: No. (credits) | AT10: No. (credits) | AU10: No. (credits) | AV10: No. (credits) | AW10: No. (credits) | AX10: % | AY10: No. (credits) | AZ10: No. (credits) | BA10: No. (credits) | BB10: No. (credits) | BC10: No. (credits) | BD10: No. (credits) | BE10: No. (credits) | BF10: % | BG10: No. (credits) | BH10: No. (credits) | BI10: No. (credits) | BJ10: % | BK10: Text (compliant) | BL10: Text (compliant) | BM10: No. (credits) | BN10: No. (index) | BO10: % | BP10: No. (credits) | BQ10: % | BR10: Text (compliant) | BS10: No. (credits) | BT10: No. (credits) | BU10: % | BV10: No. (credits) | BW10: No. (credits) | BX10: No. (credits) | BY10: % | BZ10: No. (credits) | CA10: % | CB10: Text | CC10: kWh/yr | CD10: Text | CE10: % | CF10: MJ/m2/annum | CG10: MJ/m2/annum | CH10: kWh/m2/annum | CI10: kWh/m2/annum | CJ10: kgCO2/m2/annum | CK10: kgCO2/m2/annum | CL10: % | CM10: Ratio | CN10: Ratio | CO10: Ratio | CP10: Ratio | CQ10: No. (credits) | CR10: % | CS10: MJ/m2/annum | CT10: MJ/m2/annum | CU10: kWh/m2/annum | CV10: kWh/m2/annum | CW10: kgCO2/m2/annum | CX10: kgCO2/m2/annum | CY10: % | CZ10: Ratio | DA10: Ratio | DB10: Ratio | DC10: Ratio | DD10: No. (credits) | DE10: No. (credits) | DF10: % | DG10: No. (credits) | DH10: No. (credits) | DI10: No. (credits) | DJ10: % | DK10: No. (credits) | DL10: No. (credits) | DM10: % | DN10: No. (credits) | DO10: Text | DP10: Text | DQ10: No. (credits) | DR10: % | DS10: No. (credits) | DT10: =Ene04_23 -> kWh/yr | DU10: Text | DV10: Text | DW10: No. (credits) | DX10: No. (credits) | DY10: % | DZ10: No. (credits) | EA10: No. (credits) | EB10: No. (credits) | EC10: No. (credits) | ED10: No. (credits) | EE10: % | EF10: No. (credits) | EG10: No. (credits) | EH10: No. (credits) | EI10: % | EJ10: No. (credits) | EK10: No. (credits) | EL10: Text (compliant) | EM10: Text (compliant) | EN10: Text (compliant) | EO10: Text (compliant) | EP10: Text (compliant) | EQ10: Text (compliant) | ER10: Text (compliant) | ES10: Text (compliant) | ET10: Text (compliant) | EU10: Text (compliant) | EV10: Text (compliant) | EW10: No. (credits) | EX10: No. (credits) | EY10: No. (credits) | EZ10: Text (equipment present) | FA10: Text (equipment present) | FB10: Text (equipment present) | FC10: Text (equipment present) | FD10: Text (equipment present) | FE10: Text (equipment present) | FF10: Text (equipment present) | FG10: Text (equipment present) | FH10: Text (equipment a significant contributor) | FI10: Text (equipment a significant contributor) | FJ10: Text (equipment a significant contributor) | FK10: Text (equipment a significant contributor) | FL10: Text (equipment a significant contributor) | FM10: Text (equipment a significant contributor) | FN10: Text (equipment a significant contributor) | FO10: Text (equipment a significant contributor) | FP10: No. (credits) | FQ10: % | FR10: Text (compliant) | FS10: No. (credits) | FT10: % | FU10: Text | FV10: No. (Accessibility Index) | FW10: No. (credits) | FX10: Text (compliant) | FY10: No. (credits) | FZ10: No. (credits) | GA10: % | GB10: Text (compliant) | GC10: No. (credits) | GD10: % | GE10: Text (type) | GF10: No. | GG10: Text (type) | GH10: Text (compliant) | GI10: Text (compliant) | GJ10: No. (credits) | GK10: % | GL10: No. (credits) | GM10: No. (credits) | GN10: % | GO10: No. (credits) | GP10: No. (credits) | GQ10: % | GR10: No. (credits) | GS10: Text | GT10: =IF(Wat01_01=AIS_option10,AIS_NA,'Assessment Issue Scoring'!L629) -> L/person/day | GU10: =IF(Wat01_01=AIS_option10,AIS_NA,'Assessment Issue Scoring'!L630) -> L/person/day | GV10: =IF(Wat01_01=AIS_option10,AIS_NA,'Assessment Issue Scoring'!L631) -> L/person/day | GW10: =IF(Wat01_01=AIS_option10,AIS_NA,'Assessment Issue Scoring'!L632) -> % | GX10: =IF(Wat01_01=AIS_option10,AIS_NA,'Assessment Issue Scoring'!L635) -> m3/person/yr | GY10: =IF(Wat01_01=AIS_option10,AIS_NA,"No. (people)") -> No. (people) | GZ10: Text | HA10: % | HB10: No. (credits) | HC10: % | HD10: Text (compliant) | HE10: Text (compliant) | HF10: Text (compliant) | HG10: Text (compliant) | HH10: No. (credits) | HI10: % | HJ10: No. (credits) | HK10: No. (credits) | HL10: No. (credits) | HM10: % | HN10: No. (credits)
A11: =Man01_Tot -> 4 | B11: =Man01_39 -> 0.020952381 | C11: =Man01_Exemp -> N/A | D11: =Man01_19 -> 1 | E11: =Man01_20 -> 1 | F11: =Man01_21 -> 1 | G11: =Man01_22 -> 1 | M11: =Man02_Tot -> 1 | N11: =Man02_Exemp -> N/A | O11: =Man02_12 -> 0.0052380952 | P11: =Man02_01 -> No | Q11: =Man02_14 -> No | R11: =Man02_15 -> Yes | S11: =Man02_16 -> 223 | T11: =Man03_Tot -> 6 | U11: =Man03_18 -> 0.031428571 | V11: =Man03_13 -> 1 | W11: =Man03_14 -> #REF! | X11: =Man03_15 -> #REF! | Y11: =Man03_16 -> 0 | Z11: =Man03_05 -> Yes | AA11: =Man03_11 -> #REF! | AB11: =Man03_17 -> #REF! | AC11: =Man04_tot -> 4 | AD11: ='Assessment Issue Scoring'!H131 -> 0.020952381 | AE11: =Man04_09 -> 1 | AF11: =Man04_10 -> 1 | AG11: =Man04_11 -> 1 | AH11: =Man04_12 -> 0 | AI11: =Man05_tot -> 3 | AJ11: ='Assessment Issue Scoring'!H157 -> 0.015714286 | AK11: =Man05_07 -> 1 | AL11: =Man05_08 -> 1 | AM11: =Man05_09 -> 1 | AN11: =Hea01_tot -> 2 | AO11: =Hea01_27 -> 0.015555556 | AP11: =Hea01_25 -> 1 | AQ11: =Hea01_01 -> Yes | AR11: =Hea01_13 -> 0 | AS11: =Hea01_14 -> 0 | AT11: =Hea01_15 -> 1 | AU11: =IF(Hea01_10=AIS_NA,AIS_NA,Hea01_16) -> #REF! | AV11: =Hea01_17 -> #REF! | AW11: =Hea02_tot -> 0 | AX11: =Hea02_26 -> 0 | AY11: =Hea02_13 -> 0 | AZ11: =Hea02_14 -> 0 | BA11: =Hea02_15 -> 0 | BB11: =Hea02_16 -> #REF! | BC11: =Hea02_17 -> 0 | BD11: =Hea02_18 -> #REF! | BE11: =Hea03_tot -> #REF! | BF11: ='Assessment Issue Scoring'!#REF! -> #REF! | BG11: =Hea03_05 -> #REF! | BH11: =Hea03_06 -> #REF! | BI11: =Hea04_tot -> 3 | BJ11: =Hea04_13 -> 0.023333333 | BK11: =Hea04_01 -> Yes | BL11: =Hea04_02 -> Yes | BM11: =Hea04_03a -> 1 | BN11: =Hea04_15 -> 0 | BO11: =Hea04_16 -> 0 | BP11: =Hea05_tot -> 1 | BQ11: =Hea05_08 -> 0.0077777778 | BR11: =Hea05_01 -> 1 | BS11: =Hea05_06 -> #REF! | BT11: =Hea06_tot -> 0 | BU11: =Hea06_08 -> 0 | BV11: =Hea06_05 -> 0 | BW11: =Hea06_06 -> 0 | BX11: =Ene01_tot -> 7 | BY11: =Ene01_42 -> 0.053333333 | BZ11: =Ene01_27 -> 2 | CA11: =Ene01_36 -> 0 | CB11: =Ene01_37 -> 0.13723735 | CC11: =Ene01_40 -> 0.11888802 | CD11: =Ene01_80 -> SBEM only | CE11: =IF(CD11=Ene01_80,Ene01_67,AIS_NA) -> #REF! | CF11: =Ene01_02 -> 175.56 | CG11: =Ene01_03 -> 213.2 | CH11: =Ene01_04 -> 31 | CI11: =Ene01_05 -> 37 | CJ11: =Ene01_06 -> No | CK11: =Ene01_07 -> 0 | CL11: =Ene01_08 -> 0 | CM11: =Ene01_33 -> 0 | CN11: =Ene01_34 -> 0 | CO11: =Ene01_35 -> 0 | CP11: =Ene01_09 -> 0 | CQ11: =IF(CD11=Ene01_80,Ene01_89,AIS_NA) -> #REF! | CR11: =IF(Ene01_80=AIS_statement90,AIS_NA,AD_MultiRes_option02) -> N/A | CS11: =IF(Ene01_80=AIS_statement90,AIS_NA,Ene01_44) -> N/A | CT11: =IF(Ene01_80=AIS_statement90,AIS_NA,Ene01_45) -> N/A | CU11: =IF(Ene01_80=AIS_statement90,AIS_NA,Ene01_46) -> N/A | CV11: =IF(Ene01_80=AIS_statement90,AIS_NA,Ene01_47) -> N/A | CW11: =IF(Ene01_80=AIS_statement90,AIS_NA,Ene01_48) -> N/A | CX11: =IF(Ene01_80=AIS_statement90,AIS_NA,Ene01_49) -> N/A | CY11: =IF(Ene01_80=AIS_statement90,AIS_NA,Ene01_50) -> N/A | CZ11: =IF(Ene01_80=AIS_statement90,AIS_NA,Ene01_51) -> N/A | DA11: =IF(Ene01_80=AIS_statement90,AIS_NA,Ene01_52) -> N/A | DB11: =IF(Ene01_80=AIS_statement90,AIS_NA,Ene01_53) -> N/A | DC11: =IF(Ene01_80=AIS_statement90,AIS_NA,'Assessment Issue Scoring'!#REF!) -> N/A | DD11: =IF(CD11=Ene01_80,Ene01_55,AIS_NA) -> #REF! | DE11: =Ene02_tot -> 2 | DF11: =Ene02_13 -> 0.015238095 | DG11: =Ene02_06 -> 1 | DH11: =Ene02_07 -> 1 | DI11: =Ene03_tot -> 0 | DJ11: =Ene03_06 -> 0 | DK11: =Ene03_03 -> 0 | DL11: =Ene04_tot -> 2 | DM11: =Ene04_20 -> 0.015238095 | DN11: =Ene04_15 -> N/A | DO11: =IF(ENE04_01=AIS_option15,AIS_option15,IF(ENE04_01=AIS_option14,AIS_option14,IF(ENE04_01=AIS_option13,AIS_option13))) -> FALSE | DP11: =IF(OR(ENE04_01=AIS_option15,ENE04_01=AIS_option14),AIS_NA,ENE04_02) -> Yes | DQ11: =Ene04_11 -> 0 | DR11: =ENE04_05 -> 1 | DS11: =Ene04_12 -> 0 | DT11: =Ene04_KPI01 -> 0 | DU11: =ENE04_06 -> 1 | DV11: =Ene04_10 -> 0 | DW11: =Ene04_09 -> #NAME? | DX11: =Ene05_tot -> N/A | DY11: =Ene05_21 -> N/A | DZ11: =Ene05_14 -> N/A | EA11: =Ene05_07 -> N/A | EB11: =Ene05_08 -> N/A | EC11: =Ene05_09 -> #REF! | ED11: =Ene06_tot -> 2 | EE11: =Ene06_12 -> 0.015238095 | EF11: =Ene06_05 -> 1 | EG11: =Ene06_06 -> #NAME? | EH11: =Ene07_tot -> 0 | EI11: =Ene07_25 -> N/A | EJ11: =Ene07_05 -> 0 | EK11: =Ene07_09 -> #REF! | EL11: =IF(EH11=AIS_NA,AIS_NA,Ene07_10) -> 0 | EM11: =IF(EH11=AIS_NA,AIS_NA,Ene07_11) -> 0 | EN11: =IF(EH11=AIS_NA,AIS_NA,Ene07_12) -> 0 | EO11: =IF(EH11=AIS_NA,AIS_NA,Ene07_13) -> 0 | EP11: =IF(EH11=AIS_NA,AIS_NA,Ene07_14) -> 0 | EQ11: =IF(EH11=AIS_NA,AIS_NA,Ene07_15) -> 0 | ER11: =IF(EH11=AIS_NA,AIS_NA,Ene07_16) -> 0 | ES11: =IF(EH11=AIS_NA,AIS_NA,Ene07_17) -> 0 | ET11: =IF(EH11=AIS_NA,AIS_NA,Ene07_18) -> 0 | EU11: =IF(EH11=AIS_NA,AIS_NA,Ene07_19) -> 0 | EV11: =IF(EH11=AIS_NA,AIS_NA,Ene07_20) -> 0 | EW11: =Ene08_tot -> N/A | EX11: =Ene08_29 -> N/A | EY11: =Ene08_19 -> N/A | EZ11: =Ene08_01 -> 0 | FA11: =Ene08_02 -> 0 | FB11: =Ene08_03 -> 0 | FC11: =Ene08_04 -> 0 | FD11: =Ene08_05 -> 0 | FE11: =Ene08_06 -> 0 | FF11: =Ene08_07 -> 0 | FG11: =Ene08_08 -> 0 | FH11: =Ene08_09 -> 0 | FI11: =Ene08_10 -> 0 | FJ11: =Ene08_11 -> 0 | FK11: =Ene08_12 -> 0 | FL11: =Ene08_13 -> 0 | FM11: =Ene08_14 -> 0 | FN11: =Ene08_15 -> 0 | FO11: =Ene08_16 -> 0 | FP11: =Ene09_tot -> #REF! | FQ11: =Ene09_10 -> #REF! | FR11: =IF(FP11=AIS_NA,AIS_NA,Ene09_01) -> #REF! | FS11: =Tra01_tot -> 2 | FT11: =TRa01_08 -> 0.016666667 | FU11: =AD_tra01type -> #REF! | FV11: =Tra01_03 -> Yes | FW11: =Tra01_05 -> 2 | FX11: =IF(Tra01_03>0,AIS_NA,Tra01_04) -> N/A | FY11: =Tra01_06 -> #REF! | FZ11: =Tra02_tot -> 7 | GA11: =Tra02_07 -> 0.058333333 | GB11: =Tra02_01 -> 7 | GC11: =Tra03_tot -> #REF! | GD11: =Tra03_14 -> #REF! | GE11: =Tra03_02 -> #REF! | GF11: =Tra03_03 -> #REF! | GG11: =Tra03_04 -> #REF! | GH11: =Tra03_05 -> #REF! | GI11: =Tra03_06 -> #REF! | GJ11: =Tra04_tot -> #REF! | GK11: =Tra04_10 -> #REF! | GL11: =Tra04_04 -> #REF! | GM11: =Tra05_tot -> #REF! | GN11: =Tra05_05 -> #REF! | GO11: =Tra05_03 -> #REF! | GP11: =Wat01_tot -> 1 | GQ11: =Wat01_15 -> 0.00875 | GR11: =Wat01_08 -> 0 | GS11: =Wat01_01 -> Please select the calculation procedure used | GT11: =IF(Wat01_01=AIS_option10,AIS_NA,Wat01_02) -> 0 | GU11: =IF(Wat01_01=AIS_option10,AIS_NA,Wat01_03) -> 0 | GV11: =IF(Wat01_01=AIS_option10,AIS_NA,Wat01_04) -> 0 | GW11: =IF(Wat01_01=AIS_option10,AIS_NA,Wat01_05) -> 0 | GX11: =IF(Wat01_01=AIS_option10,AIS_NA,Wat01_KPI01) -> 0 | GY11: =IF(Wat01_01=AIS_option10,AIS_NA,Wat01_KPI02) -> 0 | GZ11: =IF(Wat01_01=AIS_option10,Wat01_10,AIS_NA) -> N/A | HA11: =IF(Wat01_01=AIS_option10,Wat01_11,AIS_NA) -> N/A | HB11: =Wat02_tot -> 1 | HC11: =Wat02_13 -> 0.00875 | HD11: =Wat02_02 -> Yes | HE11: =Wat02_03 -> Yes | HF11: =Wat02_04 -> Yes | HG11: =Wat02_05 -> 0 | HH11: =Wat03_tot -> 2 | HI11: =Wat03_10 -> 0.0175 | HJ11: =Wat03_05 -> 1 | HK11: =Wat03_06 -> 1 | HL11: =Wat04_tot -> N/A | HM11: =Wat04_06 -> N/A | HN11: =Wat04_04
A13: ='Assessment Issue Scoring'!B722 -> Mat 01 Environmental impacts from construction products - Building life cycle assessment (LCA) | I13: ='Assessment Issue Scoring'!#REF! -> #REF! | L13: ='Assessment Issue Scoring'!#REF! -> #REF! | O13: ='Assessment Issue Scoring'!#REF! -> #REF! | T13: ='Assessment Issue Scoring'!#REF! -> #REF! | W13: ='Assessment Issue Scoring'!#REF! -> #REF! | Z13: ='Assessment Issue Scoring'!#REF! -> #REF! | AC13: ='Assessment Issue Scoring'!B743 -> Mat 02 Environmental impacts from construction products - Environmental Product Declarations (EPD) | AF13: ='Assessment Issue Scoring'!B762 -> Mat 03 Responsible sourcing of construction products | AO13: =Mat_04 -> #REF! | AS13: =Mat_05 -> Mat 05 Designing for durability and resilience | AW13: =Mat_06 -> Mat 06 Material efficiency | BW13: =Wst_01 -> Wst 01 Construction Waste Management | CO13: =Wst_02 -> Wst 02 Use of recycled and sustainably sourced aggregates | DA13: =Wst_03 -> Wst 03 Operational Waste | DF13: =Wst_04 -> Wst 04 Speculative finishes (Offices only) | DI13: =LE_01 -> LE 01 Site Selection | DM13: =LE_02 -> LE 02 Ecological risks and opportunities | DR13: ='Assessment Issue Scoring'!B1047 -> LE 03 Managing impacts on ecology | DV13: =LE_04 -> LE 04 Ecological change and enhancement | EA13: =LE_05 -> LE 05 Long term ecology management and maintenance | EI13: =Pol_01 -> Pol 01 Impact of refrigerants | EQ13: =Pol_02 -> Pol 02 Local air quality | EX13: =Pol_03 -> Pol 03 Flood and surface water management | FF13: =Pol_04 -> Pol 04 Reduction of night time light pollution | FI13: =Pol_05 -> Pol 05 Reduction of noise pollution | FM13: =Inn_01 -> Inn 01 Innovation
A14: ='Assessment Issue Scoring'!F733 -> Total BREEAM credits achieved | B14: ='Assessment Issue Scoring'!F735 -> Total contribution to overall building score | C14: ='Assessment Issue Scoring'!F737 -> Total BREEAM exemplary credits achieved | D14: ='Assessment Issue Scoring'!B731 -> Total Exemplary credits achieved - taken from the Mat 01/02 Results Submission Tool | E14: ='Assessment Issue Scoring'!#REF! -> #REF! | F14: ='Assessment Issue Scoring'!#REF! -> #REF! | G14: ='Assessment Issue Scoring'!#REF! -> #REF! | H14: ='Assessment Issue Scoring'!#REF! -> #REF! | I14: ='Assessment Issue Scoring'!#REF! -> #REF! | J14: ='Assessment Issue Scoring'!#REF! -> #REF! | K14: ='Assessment Issue Scoring'!#REF! -> #REF! | L14: =I14 -> #REF! | M14: =J14 -> #REF! | N14: =K14 -> #REF! | O14: =L14 -> #REF! | P14: =M14 -> #REF! | Q14: =N14 -> #REF! | T14: =O14 -> #REF! | U14: =P14 -> #REF! | V14: =Q14 -> #REF! | W14: =T14 -> #REF! | X14: =U14 -> #REF! | Y14: =V14 -> #REF! | Z14: =W14 -> #REF! | AA14: =X14 -> #REF! | AB14: =Y14 -> #REF! | AC14: ='Assessment Issue Scoring'!F752 -> Total BREEAM credits achieved | AD14: ='Assessment Issue Scoring'!F754 -> Total contribution to overall building score | AE14: ='Assessment Issue Scoring'!H750 -> Mat 02 credit achieved - Taken from the Mat 01/02 Results Submission Tool. | AF14: ='Assessment Issue Scoring'!F777 -> Total BREEAM credits achieved | AG14: ='Assessment Issue Scoring'!F779 -> Total contribution to overall building score | AH14: ='Assessment Issue Scoring'!F781 -> Total BREEAM exemplary credits achieved | AI14: ='Assessment Issue Scoring'!H774 -> Percentage of available for percentage of RSM points achieved | AJ14: ='Assessment Issue Scoring'!B769 -> Prerequisite - All timber and timber based products are 'Legally harvested and traded timber' | AK14: Documented Sustainable Procurement Plan? | AO14: ='Assessment Issue Scoring'!#REF! -> #REF! | AP14: ='Assessment Issue Scoring'!#REF! -> #REF! | AQ14: ='Assessment Issue Scoring'!#REF! -> #REF! | AS14: ='Assessment Issue Scoring'!F798 -> Total BREEAM credits achieved | AT14: ='Assessment Issue Scoring'!F800 -> Total contribution to overall building score | AU14: ='Assessment Issue Scoring'!B795 -> Protecting vulnerable parts of the building from damage and exposed parts of the building from material degradation | AV14: ='Assessment Issue Scoring'!H796 -> 0 | AW14: ='Assessment Issue Scoring'!F818 -> Total BREEAM credits achieved | AX14: ='Assessment Issue Scoring'!F820 -> Total contribution to overall building score | AY14: ='Assessment Issue Scoring'!B816 -> Material optimisation measures investigated and implemented at all relevant stages | BW14: ='Assessment Issue Scoring'!F878 -> Total BREEAM exemplary credits achieved | BX14: ='Assessment Issue Scoring'!F874 -> Total BREEAM credits achieved | BY14: ='Assessment Issue Scoring'!H845 -> BREEAM exemplary level benchmark | BZ14: ='Assessment Issue Scoring'!F876 -> Total contribution to overall building score | CA14: ='Assessment Issue Scoring'!B838 -> Is demolition occurring under the developer's ownership for the purpose of enabling the assessed development? | CB14: ='Assessment Issue Scoring'!H840 -> Pre-demolition audit | CC14: ='Assessment Issue Scoring'!H857 -> Measure/units for the data being reported | CD14: ='Assessment Issue Scoring'!B858 -> Non-hazardous construction waste (excluding demolition/excavation) - fill in to award "Construction resource efficiency" credits | CE14: ='Assessment Issue Scoring'!H860 -> Total non-hazardous construction waste generated | CF14: ='Assessment Issue Scoring'!B861 -> Non-hazardous non-demolition construction waste diverted from landfill - fill in to award diversion from landfill credit | CG14: ='Assessment Issue Scoring'!B863 -> Total non-hazardous non-demolition construction waste diverted from landfill | CH14: ='Assessment Issue Scoring'!B864 -> Non-hazardous demolition waste diverted from landfill - fill in to award diversion of landfill credit | CI14: ='Assessment Issue Scoring'!H866 -> Total non-hazardous demolition waste generated | CJ14: ='Assessment Issue Scoring'!H867 -> Total non-hazardous demolition waste to disposal | CK14: ='Assessment Issue Scoring'!B868 -> Non-hazardous excavation waste diverted from landfill - fill in to award credit | CL14: ='Assessment Issue Scoring'!H869 -> Material for reuse | CM14: ='Assessment Issue Scoring'!H870 -> Material for recycling | CN14: ='Assessment Issue Scoring'!H872 -> Hazardous waste to disposal | CO14: ='Assessment Issue Scoring'!F902 -> Total BREEAM credits achieved | CP14: ='Assessment Issue Scoring'!F904 -> Total contribution to overall building score | CQ14: ='Assessment Issue Scoring'!F906 -> Total BREEAM exemplary credits achieved | CR14: ='Assessment Issue Scoring'!#REF! -> #REF! | CS14: ='Assessment Issue Scoring'!#REF! -> #REF! | CT14: ='Assessment Issue Scoring'!#REF! -> #REF! | CU14: ='Assessment Issue Scoring'!#REF! -> #REF! | CV14: ='Assessment Issue Scoring'!#REF! -> #REF! | CW14: ='Assessment Issue Scoring'!#REF! -> #REF! | CX14: ='Assessment Issue Scoring'!#REF! -> #REF! | DA14: ='Assessment Issue Scoring'!F928 -> Total BREEAM credits achieved | DB14: ='Assessment Issue Scoring'!F930 -> Total contribution to overall building score | DC14: ='Assessment Issue Scoring'!H919 -> Compliant recycling and non-recyclable waste storage allocated | DD14: ='Assessment Issue Scoring'!H920 -> Static waste compactor(s) or baler(s) | DE14: ='Assessment Issue Scoring'!H921 -> Vessel(s) for composting suitable organic waste and water outlet | DF14: ='Assessment Issue Scoring'!F947 -> Total BREEAM credits achieved | DG14: ='Assessment Issue Scoring'!F949 -> Total contribution to overall building score | DH14: Route to compliance | DI14: ='Assessment Issue Scoring'!F1011 -> Total BREEAM credits achieved | DJ14: ='Assessment Issue Scoring'!F1013 -> Total contribution to overall building score | DK14: ='Assessment Issue Scoring'!#REF! -> #REF! | DL14: ='Assessment Issue Scoring'!H1009 -> Contaminated land | DM14: ='Assessment Issue Scoring'!F1037 -> Total BREEAM credits achieved | DN14: ='Assessment Issue Scoring'!F1039 -> Total contribution to overall building score | DO14: ='Assessment Issue Scoring'!#REF! -> #REF! | DP14: ='Assessment Issue Scoring'!H1033 -> Determining ecological outcomes | DQ14: ='Assessment Issue Scoring'!H1035 -> Exemplary level - Wider site sustainability | DR14: ='Assessment Issue Scoring'!F1060 -> Total BREEAM credits achieved | DS14: ='Assessment Issue Scoring'!F1062 -> Total contribution to overall building score | DT14: ='Assessment Issue Scoring'!#REF! -> #REF! | DU14: ='Assessment Issue Scoring'!#REF! -> #REF! | DV14: ='Assessment Issue Scoring'!F1085 -> Total BREEAM credits achieved | DW14: ='Assessment Issue Scoring'!F1087 -> Total contribution to overall building score | DX14: ='Assessment Issue Scoring'!#REF! -> #REF! | DY14: ='Assessment Issue Scoring'!#REF! -> #REF! | DZ14: ='Assessment Issue Scoring'!#REF! -> #REF! | EA14: ='Assessment Issue Scoring'!F1108 -> Total BREEAM credits achieved | EB14: ='Assessment Issue Scoring'!F1110 -> Total contribution to overall building score | EC14: ='Assessment Issue Scoring'!#REF! -> #REF! | ED14: ='Assessment Issue Scoring'!#REF! -> #REF! | EE14: ='Assessment Issue Scoring'!#REF! -> #REF! | EF14: ='Assessment Issue Scoring'!#REF! -> #REF! | EG14: ='Assessment Issue Scoring'!#REF! -> #REF! | EH14: ='Assessment Issue Scoring'!#REF! -> #REF! | EI14: ='Assessment Issue Scoring'!F1139 -> Total BREEAM credits achieved | EJ14: ='Assessment Issue Scoring'!F1141 -> Total contribution to overall building score | EK14: ='Assessment Issue Scoring'!H1128 -> Refrigerant containing systems installed in the assessed building? | EL14: DELC based credits | EM14: ='Assessment Issue Scoring'!H1133 -> Global Warming Potential of the specified refrigerant(s) 10 or less? | EN14: ='Assessment Issue Scoring'!#REF! -> #REF! | EO14: ='Assessment Issue Scoring'!H1135 -> Are all the systems hermetically sealed? | EP14: ='Assessment Issue Scoring'!#REF! -> #REF! | EQ14: ='Assessment Issue Scoring'!F1161 -> Total BREEAM credits achieved | ER14: ='Assessment Issue Scoring'!F1163 -> Total contribution to overall building score | ES14: ='Assessment Issue Scoring'!#REF! -> #REF! | ET14: ='Assessment Issue Scoring'!#REF! -> #REF! | EU14: ='Assessment Issue Scoring'!#REF! -> #REF! | EV14: ='Assessment Issue Scoring'!#REF! -> #REF! | EW14: ='Assessment Issue Scoring'!#REF! -> #REF! | EX14: ='Assessment Issue Scoring'!F1194 -> Total BREEAM credits achieved | EY14: ='Assessment Issue Scoring'!F1196 -> Total contribution to overall building score | EZ14: ='Assessment Issue Scoring'!H1181 -> Annual probability of flooding | FA14: ='Assessment Issue Scoring'!B1183 -> Has the pre-requisite for the Surface Water Run-Off credits been achieved? | FB14: Flood risk credits achieved | FC14: ='Assessment Issue Scoring'!H1184 -> Has the Surface Water Run-Off - Rate credit been achieved? | FD14: ='Assessment Issue Scoring'!H1187 -> Has the Surface Water Run-Off - Volume credit been achieved? | FE14: ='Assessment Issue Scoring'!H1189 -> Minimising watercourse pollution | FF14: ='Assessment Issue Scoring'!F1214 -> Total BREEAM credits achieved | FG14: ='Assessment Issue Scoring'!F1216 -> Total contribution to overall building score | FH14: ='Assessment Issue Scoring'!H1212 -> Does external lighting meet all relevant criteria? | FI14: ='Assessment Issue Scoring'!F1235 -> Total BREEAM credits achieved | FJ14: ='Assessment Issue Scoring'!F1237 -> Total contribution to overall building score | FK14: ='Assessment Issue Scoring'!H1231 -> Noise-sensitive areas/buildings within 800m radius of the development | FL14: ='Assessment Issue Scoring'!H1233 -> Is the site compliant with all relevant criteria? | FM14: ='Assessment Issue Scoring'!F1274 -> Total BREEAM innovation credits achieved | FN14: ='Assessment Issue Scoring'!F1276 -> Total contribution to overall building score | FO14: ='Assessment Issue Scoring'!L1272 -> Number of 'approved' innovation credits achieved? | FP14: ='Assessment Issue Scoring'!H1256 -> Man 03 Responsible construction practices | FQ14: ='Assessment Issue Scoring'!#REF! -> #REF! | FR14: ='Assessment Issue Scoring'!H1257 -> Hea 01 Visual Comfort | FS14: ='Assessment Issue Scoring'!H1260 -> Ene 01 Reduction of energy use and carbon emissions | FT14: ='Assessment Issue Scoring'!#REF! -> #REF! | FU14: ='Assessment Issue Scoring'!#REF! -> #REF! | FV14: ='Assessment Issue Scoring'!H1261 -> Wat 01 Water Consumption | FW14: ='Assessment Issue Scoring'!H1262 -> Mat 01 Environmental impacts from construction products - Building LCA | FX14: ='Assessment Issue Scoring'!H1263 -> Mat 03 Responsible Sourcing of Materials | FY14: ='Assessment Issue Scoring'!H1264 -> Wst 01 Construction Waste Management | FZ14: ='Assessment Issue Scoring'!H1266 -> Wst02 Recycled Aggregates
A15: No. (credits) | B15: % | C15: No. (credits) | D15: No. | E15: No. | F15: ='Assessment Issue Scoring'!#REF! -> #REF! | G15: ='Assessment Issue Scoring'!#REF! -> #REF! | H15: % | I15: m2 | J15: kgCO2eq | K15: m2 | L15: m2 | M15: kgCO2eq | N15: m2 | O15: m2 | P15: kgCO2eq | Q15: m2 | T15: m2 | U15: kgCO2eq | V15: m2 | W15: m2 | X15: kgCO2eq | Y15: m2 | Z15: m2 | AA15: kgCO2eq | AB15: m2 | AC15: No. (credits) | AD15: % | AE15: No. (credits) | AF15: No. (credits) | AG15: % | AH15: No. (credits) | AI15: % | AJ15: Text (compliant) | AK15: Text (compliant) | AO15: No. (credits) | AP15: % | AQ15: No. (index) | AS15: No. (credits) | AT15: % | AU15: Compliant? | AV15: Compliant? | AW15: No. (credits) | AX15: % | AY15: Compliant? | BW15: No. (credits) | BX15: No. (credits) | BY15: Text (compliant?) | BZ15: % | CA15: Text (compliant?) | CB15: Text (compliant?) | CC15: Text (volume/percetnage) | CD15: ='Assessment Issue Scoring'!N858 -> 0 | CE15: ='Assessment Issue Scoring'!N860 -> 0 | CF15: ='Assessment Issue Scoring'!N861 -> 0 | CG15: ='Assessment Issue Scoring'!N863 -> 0 | CH15: ='Assessment Issue Scoring'!N864 -> 0 | CI15: ='Assessment Issue Scoring'!N866 -> 0 | CJ15: ='Assessment Issue Scoring'!N867 -> 0 | CK15: ='Assessment Issue Scoring'!N868 -> 0 | CL15: ='Assessment Issue Scoring'!N869 -> 0 | CM15: ='Assessment Issue Scoring'!N870 -> 0 | CN15: ='Assessment Issue Scoring'!N872 -> 0 | CO15: No. (credits) | CP15: % | CQ15: No. (credits) | CR15: % | CS15: % | CT15: % | CU15: % | CV15: % | CW15: % | CX15: % | DA15: No. (credits) | DB15: % | DC15: Text (compliant) | DD15: Text (compliant) | DE15: Text (compliant) | DF15: No. (credits) | DG15: % | DH15: Text | DI15: No. (credits) | DJ15: % | DK15: No. (credits) | DL15: No. (credits) | DM15: No. (credits) | DN15: % | DO15: Text | DP15: Text (compliant) | DQ15: Text (compliant) | DR15: No. (credits) | DS15: % | DT15: Text | DU15: ='Assessment Issue Scoring'!#REF! -> #REF! | DV15: No. (credits) | DW15: % | DX15: Text (compliant) | DY15: Text (compliant) | DZ15: ='Assessment Issue Scoring'!#REF! -> #REF! | EA15: No. (credits) | EB15: % | EC15: Text (compliant) | ED15: Text (compliant) | EE15: Text (compliant) | EF15: Text (compliant) | EG15: Text (compliant) | EH15: Text (compliant) | EI15: No. credits | EJ15: % | EK15: Text | EL15: No. | EM15: Text | EN15: ='Assessment Issue Scoring'!#REF! -> #REF! | EO15: ='Assessment Issue Scoring'!#REF! -> #REF! | EP15: No. (credits) | EQ15: No. (credits) | ER15: % | ES15: ='Assessment Issue Scoring'!#REF! -> #REF! | ET15: ='Assessment Issue Scoring'!#REF! -> #REF! | EU15: ='Assessment Issue Scoring'!#REF! -> #REF! | EV15: Text (confirmation) | EW15: ='Assessment Issue Scoring'!#REF! -> #REF! | EX15: No. (credits) | EY15: % | EZ15: Text (risk level) | FA15: Text (compliant) | FB15: No. (credits) | FC15: No. (credits) | FD15: No. (credits) | FE15: No. (credits) | FF15: No. (credits) | FG15: % | FH15: No. (credits) | FI15: No. (credits) | FJ15: % | FK15: Text | FL15: Text (compliant) | FM15: No. (credits) | FN15: % | FO15: No. (credits) | FP15: No. (credits) | FQ15: No. (credits) | FR15: No. (credits) | FS15: No. (credits) | FT15: No. (credits) | FU15: No. (credits) | FV15: No. (credits) | FW15: No. (credits) | FX15: No. (credits) | FY15: No. (credits) | FZ15: No. (credits)
A16: =Mat01_tot -> 0 | B16: =Mat01_28 -> 0 | C16: =Mat01_08 -> 0 | D16: =Mat01_05 -> 0 | E16: =Mat01_04 -> #REF! | F16: =Mat01_KPI01 -> #REF! | G16: =Mat01_KPI02 -> #REF! | H16: =Mat01_KPI03 -> #REF! | I16: =Mat01_09 -> #REF! | J16: =Mat01_15 -> #REF! | K16: =Mat01_21 -> #REF! | L16: =Mat01_10 -> #REF! | M16: =Mat01_16 -> #REF! | N16: =Mat01_22 -> #REF! | O16: =Mat01_11 -> #REF! | P16: =Mat01_17 -> #REF! | Q16: =Mat01_23 -> #REF! | T16: =Mat01_12 -> #REF! | U16: =Mat01_18 -> #REF! | V16: =Mat01_24 -> #REF! | W16: =Mat01_13 -> #REF! | X16: =Mat01_19 -> #REF! | Y16: =Mat01_25 -> #REF! | Z16: =Mat01_14 -> #REF! | AA16: =Mat01_20 -> #REF! | AB16: =Mat01_26 -> #REF! | AC16: =Mat02_tot -> 0 | AD16: =Mat02_06 -> 0 | AE16: =Mat02_04 -> 0 | AF16: =Mat03_tot -> 4 | AG16: =Mat03_38 -> 0.042857143 | AH16: =Mat03_35 -> 0 | AI16: =Mat03_03 -> 0.6 | AJ16: =Mat03_06 -> Yes | AK16: =Mat03susproc -> Yes | AO16: =Mat04_tot -> #REF! | AP16: =Mat04_10 -> #REF! | AQ16: =Mat04_01 -> #REF! | AS16: =Mat05_tot -> 1 | AT16: =Mat05_06 -> 0.010714286 | AU16: =Mat05_01 -> Yes | AV16: =Mat05_01a -> 0 | AW16: =Mat06_tot -> 0 | AX16: ='Assessment Issue Scoring'!H820 -> 0 | AY16: =Mat06_01 -> 0 | BW16: =Wst01_17 -> 0 | BX16: =Wst01_tot -> 0 | BY16: =Wst01_01a | BZ16: =Wst01_28 -> 0 | CA16: =Wst01_01 -> Yes | CB16: =Wst01_15 -> 0 | CC16: =Wst01_04 -> 0 | CD16: =Wst01_02 -> 0 | CE16: =Wst01_03 -> 0 | CF16: =Wst01_05 -> 0 | CG16: =Wst01_06 -> 0 | CH16: =Wst01_29 -> 0 | CI16: =Wst01_07 -> 0 | CJ16: =Wst01_08 -> 0 | CK16: =Wst01_09 -> 0 | CL16: =Wst01_10 -> 0 | CM16: =Wst01_11 -> 0 | CN16: =Wst01_12 -> 0 | CO16: =Wst02_tot -> 0 | CP16: =Wst02_15 -> 0 | CQ16: =Wst02_11 -> 0 | CR16: =Wst02_01 -> #REF! | CS16: =Wst02_02 -> #REF! | CT16: =Wst02_03 -> #REF! | CU16: =Wst02_04 -> #REF! | CV16: =Wst02_05 -> #REF! | CW16: =Wst02_06 -> #REF! | CX16: =Wst02_08 -> #REF! | DA16: =Wst03_tot -> 1 | DB16: =Wst03_13 -> 0.006 | DC16: =Wst03_02 -> Yes | DD16: =Wst03_03 -> N/A | DE16: =Wst03_04 -> Yes | DF16: =Wst04_tot -> N/A | DG16: =Wst04_09 -> N/A | DH16: =Wst04_03 -> Please select | DI16: =LE01_tot -> 1 | DJ16: =LE01_08 -> 0.01 | DK16: =LE01_05 -> #REF! | DL16: =LE01_06 -> 1 | DM16: =LE02_tot -> 2 | DN16: =LE02_08 -> 0.02 | DO16: =LE02_02 -> #REF! | DP16: =LE02_03 -> Yes | DQ16: =LE02_04 -> Please select | DR16: =LE03_tot -> 2 | DS16: =LE03_10 -> 0.02 | DT16: =LE03_02 -> 1 | DU16: =LE03_03 -> #REF! | DV16: =LE04_tot -> 2 | DW16: =LE04_14 -> 0.02 | DX16: =LE04_02 -> Yes | DY16: =LE04_03 -> 1 | DZ16: =LE04_04 -> #REF! | EA16: =LE05_tot -> 1 | EB16: =LE05_15 -> 0.01 | EC16: =LE05_02 -> Yes | ED16: =LE05_03 -> No | EE16: =LE05_04 -> #REF! | EF16: =LE05_05 -> #REF! | EG16: =LE05_06 -> #REF! | EH16: =LE05_07 -> #REF! | EI16: =Pol01_tot -> 0 | EJ16: =Pol01_20 -> 0 | EK16: =Pol01_02 -> Yes | EL16: =Pol01_04 -> 0 | EM16: =Pol01_06 -> No | EN16: =Pol01_07 -> 45 | EO16: =Pol01_21 -> No | EP16: =Pol01_10 -> #REF! | EQ16: =Pol02_tot -> 0 | ER16: =Pol02_27 -> 0 | ES16: =Pol02_20 -> #REF! | ET16: =Pol02_29 -> #REF! | EU16: =Pol02_21 -> #REF! | EV16: =Pol02_30 -> #REF! | EW16: =Pol01_KPI02 -> #REF! | EX16: =Pol03_tot -> 4 | EY16: =Pol03_15 -> 0.026666667 | EZ16: =Pol03_01 -> Medium | FA16: =Pol03_02 -> Yes | FB16: =Pol03_10 -> 1 | FC16: =Pol03_11 -> 1 | FD16: =Pol03_12 -> 1 | FE16: =Pol03_13 -> 1 | FF16: =Pol04_tot -> 1 | FG16: =Pol04_06 -> 0.0066666667 | FH16: =Pol04_03 -> 1 | FI16: =Pol05_tot -> 0 | FJ16: =Pol05_11 -> 0 | FK16: =Pol05_02 -> Yes | FL16: =IF(Pol05_02=AIS_No,AIS_NA,Pol05_03) -> No | FM16: =Inn01_tot -> 4 | FN16: =Inn01_04 -> 0.04 | FO16: =Inn01_01 -> 0 | FP16: ='Assessment Issue Scoring'!N1256 -> 1 | FQ16: ='Assessment Issue Scoring'!#REF! -> #REF! | FR16: ='Assessment Issue Scoring'!N1257 -> 1 | FS16: ='Assessment Issue Scoring'!N1260 -> 2 | FT16: ='Assessment Issue Scoring'!#REF! -> #REF! | FU16: ='Assessment Issue Scoring'!#REF! -> #REF! | FV16: ='Assessment Issue Scoring'!N1261 -> 0 | FW16: ='Assessment Issue Scoring'!N1262 -> 0 | FX16: ='Assessment Issue Scoring'!N1263 -> 0 | FY16: ='Assessment Issue Scoring'!N1264 -> 0 | FZ16: ='Assessment Issue Scoring'!N1266 -> 0

Sheet Assessment References
B2: =IF(OR(projecttype='Assessment Details'!Z200,projecttype=""),"BREEAM UK New Construction 2018 Assessment Report: Assessment Validation References","BREEAM UK Bespoke New Construction 2018 Assessment Report: Assessment Validation References") -> BREEAM UK New Construction 2018 Assessment Report: Assessment Validation References
B3: =IF(AD_Mandatory_fields_text=AIS_statement09,"Warning: All Mandatory fields in the assessment details worksheet must be completed/defined before the assessment can begin.","")
E4: Building name: | G4: =IF(ADBN="","",ADBN) -> 199-203 Henley Road
B6: Identifier | D6: Assessment Evidence Reference | R6: Assessment issue | T6: Issue criteria No. and/or compliance note | V6: Assessor's supporting notes/information
B7: 1 | D7: e.g. Project A, First floor plan, rev05, 1/10/10. Supplied by F Fitzgerald (23/3/11) | R7: Wat 02 | T7: e.g. 1 | V7: e.g. Plan indicates location of water meter in plant room located in south-west corner of the building.
B8: 2 | D8: e.g. See identifier 1 | R8: Mat05 | T8: e.g. 1 and 2c | V8: e.g. Plan indicates vehicle parking within 1m of north façade and the provision of barriers to protect façade.
B9: 3
B10: 4
B11: 5
B12: 6
B13: 7
B14: 8
B15: 9
B16: 10
B17: 11
B18: 12
B19: 13
B20: 14
... B206: 200
D207: Insert further rows if required.
X210: Man01
X211: Man02
X212: Man03
X213: Man04
X214: Man05
X215: Hea01
X216: Hea02
X217: Hea03
X218: Hea04
X219: Hea05
X220: Hea06
X221: Hea07
... X258: Inn01

Sheet Version Control
B2: =IF(OR(projecttype='Assessment Details'!Z200,projecttype=""),"BREEAM UK New Construction 2018 Assessment Report: Version Control","BREEAM UK Bespoke New Construction 2018 Assessment Report: Version Control") -> BREEAM UK New Construction 2018 Assessment Report: Version Control
B4: Version | D4: Release Date | F4: Description of changes/additions made to the BREEAM Assessment Scoring and Reporting Tool
B6: Current Version
B9: 3.1 | D9: 43714 | F9: Added Issue 3.0 to the 'BREEAM UK 2018 technical manual issue number' dropdown Ene 01 - calculation corrected when primary energy consumption actual/notional <0 Ene 01 - exemplary credits for beyond zero net regulated carbon can only be awarded when EPRNC>=0.9 Ene 07 - removed the building type restriction in line with KBCN1340 LE 04 and LE 05 revised prerequisites
B14: Previous Version
B16: 3 | D16: 43679 | F16: Mat 03 - percentage input format corrected LE - wording in the whole category has been amended according to technical manual reissue 3.0
B19: 2.6 | D19: 43637 | F19: Man 05 - speculative development credit applicability Mat 03 - minimum scope level added to appropriately award credits
B22: 2.5 | D22: 43601 | F22: Man 05 - shell only minimum standard Ene 01 - Calculation updated in line with Guidance note 39 Ene 01 - Excellent minimum standard updated in line with Guidance Note 32 Ene 01 - Simple building exemplary/standard credits awarding corrected Ene 02 - shell only minimum standard Wst 01 - Demolition KPI filtered out when no demolition occurring Assessment references - assesment issue list updated
B30: 2.4 | D30: 43493 | F30: Ene 07 total credits achieved repaired Ene 05 and Pol 05 comments boxes fixed Wst 01 - Simple building no demolition credit applicability
B34: 2.3 | D34: 43451 | F34: Repair minimum standard error Wst 01 - Simple Buildings no demolition occurring fix
B37: 2.2 | D37: 43437 | F37: Re-issue version included Circular refercences fix Wst 06 - percentage total contribution fixed Hea 07 - percentage total contribution fixed Ene 01 - calculation refined Pol 03 - Simple Building prerequisite requirement (KBCN1067) Tra 02 - prerequisite functionality updated in line with KBCN1205 Pol 02 - District heating question added Wat 03 - credit applicability for residential buildings Assessment building types - sub-building types match 2018 manual Wat 01 & Wat 02 minimum standard applicability
B48: 2.1 | D48: 43371 | F48: Minimum standard applicability to shell only repaired Ene 01 - calculation corrected
B51: 2 | D51: 43328 | F51: Re-issue version included LE 03 - pre-requisite filtering amended to match reissue of manual LE 04 - Route 2 exemplary credit added LE 05 - pre-requisite filtering amended to match reissue of manual Ene 01 - shell only calculation repaired
B57: 1.2 | D57: 43294 | F57: Pol 05 - credit applicability Mat 03 - percentage drop down removed - enter figures Man 05 - minimum standard applicability Tra 02 - heading corrected Wst 01 - units corrected and diversion of landfill LE 04 & 05 - headings corrected Man 04 - Shell only credit applicability Issue score rounding aligned with BREEAM Projects rounding
B66: 1.1 | D66: 43264 | F66: Ene 07 - filtering corrected Wat 03 - "Shell only" credit available
B69: 1 | D69: 43251 | F69: New Release New Construction 2018
